 Dungeon Crawl Stone Soup version 0.29.1 (webtiles) character file.

Game seed: 8244918891159815553

389246 qw the Slayer (level 22, -15/346 HPs)
             Began as a Minotaur Berserker on Sept 13, 2022.
             Was an Elder of Trog.
             Demolished by a balrug
             ... wielding the +1 bardiche "Kismeah" {protect, Str+4}
              (24 damage)
             ... on level 4 of the Depths.
             The game lasted 00:23:37 (58751 turns).

qw the Slayer (Minotaur Berserker)                 Turns: 58751, Time: 00:23:38

Health: -15/346    AC: 35    Str: 33    XL:     22   Next: 6%
Magic:  21/21      EV: 21    Int:  6    God:    Trog [****..]
Gold:   1048       SH: 24    Dex: 12    Spells: 21/21 levels left

rFire   + + .      SeeInvis +   h - +8 mithril axe "Arga" {speed, Will+}
rCold   + . .      Faith    .   j - +2 tower shield {rC+ rF+}
rNeg    . . .      Spirit   .   g - +10 ring mail "Gaffask" {rF+ rC- Dex+2}
rPois   +          Reflect  .   r - +1 hat of the Sun {rPois rC+}
rElec   .          Harm     .   q - +2 cloak
rCorr   +          Rampage  +   d - +2 pair of gloves
Will    ++...                   t - +2 pair of boots {rampage}
Stlth   ..........              i - amulet "Renuo" {Acrobat rCorr Int+2 SInv}
HPRegen 0.67/turn               n - +4 ring of protection
MPRegen 0.17/turn               B - +4 ring of evasion

@: berserking (expiring), on fire, glowing, very quick
A: horns 2, retaliatory headbutt
}: 2/15 runes: decaying, serpentine
a: Renounce Religion, Berserk, Trog's Hand, Brothers in Arms


You were on level 4 of the Depths.
You worshipped Trog.
Trog was greatly pleased with you.
You visited 7 branches of the dungeon, and saw 38 of its levels.
You also visited: Wizlab.

You collected 4655 gold pieces.
You spent 3607 gold pieces at shops.


Innate Abilities, Weirdness & Mutations

You have a pair of horns on your head.
You reflexively headbutt those who attack you in melee.


   Skills:
 + Level 26.6 Fighting
 - Level 20.0 Axes
 - Level 10.0 Throwing
 - Level 18.0 Armour
 - Level 16.0 Dodging
 - Level 22.9 Shields
 + Level 2.1 Evocations


You had 21 spell levels left.
You didn't know any spells.
Your spell library was empty.

Inventory:

Hand Weapons
 h - the +8 mithril axe "Arga" (weapon) {speed, Will+}
   (You acquired it on level 2 of the Snake Pit)

   Attacks with this weapon are significantly faster.
   Will:      It increases your willpower.
Missiles
 v - 3 boomerangs (quivered)
Armour
 d - a +2 pair of gloves (worn)
 f - a +0 plate armour
 g - the +10 ring mail "Gaffask" (worn) {rF+ rC- Dex+2}
   (You found it on level 4 of the Dungeon)

   Dex:       It affects your dexterity (+2).
   rF:        It protects you from fire.
   rC:        It makes you vulnerable to cold.
 j - a +2 tower shield of resistance (worn)
 q - a +2 cloak (worn)
 r - the +1 hat of the Sun (worn) {rPois rC+}
   (You found it in a wizard's laboratory)

   rC:        It protects you from cold.
   rPois:     It protects you from poison.
 t - a +2 pair of boots of rampaging (worn)
 w - a scarf of resistance
 y - +0 shadow dragon scales
 A - a +3 chain mail of cold resistance
Jewellery
 a - a ring of fire
 i - the amulet "Renuo" (around neck) {Acrobat rCorr Int+2 SInv}
   (You acquired it on level 2 of the Depths)

   [amulet of the acrobat]

   It increases your evasion while moving and waiting.
   Int:       It affects your intelligence (+2).
   SInv:      It lets you see invisible.
   rCorr:     It protects you from acid and corrosion.
 n - a +4 ring of protection (left hand)
 o - an amulet of reflection
 B - a +4 ring of evasion (right hand)
 C - a ring of ice
Scrolls
 k - 3 scrolls of brand weapon
 m - 17 scrolls of identify
 u - a scroll of teleportation
 z - 2 scrolls of enchant weapon
Potions
 b - 7 potions of resistance
 c - 16 potions of curing
 e - 4 potions of haste
 l - 4 potions of mutation
 p - 9 potions of might
 s - 7 potions of heal wounds
 x - a potion of cancellation

Dungeon Overview and Level Annotations

Branches:
Dungeon (15/15)            Temple (0/1) D:6            Lair (5/5) D:11
  Swamp (4/4) Lair:3        Snake (4/4) Lair:3        Slime (0/5) Lair:5
    Orc (2/2) D:10            Elf (0/3) Orc:2        Vaults (4/5) D:14
  Crypt (0/3) Vaults:3     Depths (4/4) D:15         WizLab (visited)
    Zot: Depths:4

Altars:
Ashenzari
Cheibriados
Dithmenos
Elyvilon
Fedhas
Hepliaklqana
Kikubaaqudgha
Makhleb
Nemelex Xobeh
Okawaru
Qazlal
Vehumet
Xom
Yredelemnul
Zin
Jiyva
Lugonu

Shops:
D:7 !   D:9 *?(   D:13 ?   Orc:2 ?[:!   Snake:2 **=[?   Snake:4 *:   Vaults:2 *
Vaults:3 *   Vaults:4 (

Portals:
Hell: Depths:1 Depths:2 Depths:3 Depths:4
Abyss: Lair:5
Pandemonium: Depths:2
Ziggurat: Depths:1

Annotations:
D:3 3 runed translucent doors, qw's ghost, amateur GrFi
D:11 3 runed translucent doors, Qatz's ghost, journeyman GrFi
Lair:1 1 runed translucent door, qw's ghost, novice MiBe
Orc:1 1 runed translucent door
Depths:3 2 transporters


Message History

Something smites you!
You hit the Brimstone Fiend but do no damage.
You headbutt the Brimstone Fiend!!
You kill the Brimstone Fiend!
Trog accepts your kill.
Your life force feels restored.
Your Evocations skill increases to level 2!
The balrug misses you.
The balrug hits you with a +0 demon whip.
You are engulfed in flames.
You resist. The balrug blocks your attack.
You closely miss the balrug. The balrug hits you but does no damage.
You block the balrug's attack.
You closely miss the balrug. The balrug blocks your attack.
The balrug blocks your attack. You block the balrug's attack.
The balrug gestures at you. You block the sticky flame.
You completely miss the balrug.
An Ice Fiend comes into view.
You closely miss the balrug. The balrug blocks your attack.
You slice the balrug!!
The balrug is moderately wounded.
The balrug hits you with a +0 demon whip.
You are engulfed in flames!
You resist. You block the balrug's attack. The balrug gestures at you.
The fireball explodes!
The fireball engulfs the balrug.
The balrug completely resists.
The fireball engulfs the balrug.
The balrug completely resists.
The fireball engulfs the balrug.
The balrug completely resists.
The fireball engulfs you! You resist.
You hear a shout!
The balrug blocks your attack.
Your headbutt misses the balrug.
The balrug is moderately wounded.
The balrug blocks your attack.
Your headbutt misses the balrug.
The balrug is moderately wounded.
The balrug gestures at you.
The sticky flame hits you but does no damage.
You are covered in liquid flames!
The balrug hits you from afar with the +1 bardiche "Kismeah" {protect, Str+4}!!
You die...

............#...###
....#..........#..###
....................##
#............./......########
.............................
#..#...#######.........######
#.....## .¤¤¤###.....###
.#....# ~¤~¤.2##)..##..
..#(..# ~¤¤~.22@.....1.~~~
......# ~~~...##...##...~~
......## ....# #.....# #...
.#.....#######.........# ##
....[.....................
.........................##
..............(.......#...#
........#................. .
..#................#........


You could see an Ice Fiend and 3 balrugs.

Vanquished Creatures
  Sojobo (Depths:2)
  Saint Roka (Depths:2)
  4 caustic shrikes
  A golden dragon (Depths:2)
  A bone dragon (Vaults:4)
  A Brimstone Fiend (Depths:4)
  A walking crystal tome (WizLab)
  5 tentacled monstrosities
  3 liches
  Rupert (D:12)
  Jorgrun (D:12)
  A walking divine tome (WizLab)
  2 quicksilver dragons (Snake:4)
  A walking earthen tome (WizLab)
  3 titans
  Frances (D:12)
  Agnes (Snake:2)
  A shadow dragon (Depths:4)
  Donald (Vaults:4)
  6 nagarajas
  6 tengu reavers
  2 fenstrider witches
  2 azure jellies (Vaults:4)
  5 fire giants
  2 frost giants (Depths:3)
  10 vault wardens
  A balrug (Depths:4)
  Louise (Snake:4)
  Aizul (Snake:1)
  10 ironbound preservers
  A juggernaut skeleton (Depths:2)
  2 spriggan defenders (Depths:2)
  3 war gargoyles
  2 ironbound thunderhulks
  6 stone giants
  An angel (Depths:1)
  Nessos (D:14)
  A caustic shrike skeleton (Depths:1)
  15 very ugly things
  4 eleionomae
  5 bunyips
  15 dire elephants
  A crystal guardian (Vaults:3)
  3 blizzard demons
  4 ettins
  3 fire dragons
  A shambling mangrove (Swamp:4)
  3 great orbs of eyes
  Josephine (D:12)
  8 vault guards
  Harold (Orc:1)
  4 boulder beetles
  14 rakshasas
  8 ice dragons
  3 peacekeepers
  18 hydras
  6 yaktaur captains
  3 catoblepae
  4 salamander tyrants
  Erolcha (Orc:2)
  3 spriggan air magi
  5 ghost crabs
  4 ogre magi
  12 two-headed ogres
  7 ironbound frosthearts
  2 death knights (D:14)
  A spriggan skeleton (Depths:2)
  18 centaur warriors
  11 alligators
  7 death yaks
  7 anacondas
  10 tengu warriors
  9 naga warriors
  5 deep troll earth magi
  4 deep troll shamans
  3 thrashing horrors (Lair:5)
  8 shock serpents
  5 spriggan berserkers
  An orc high priest (Orc:1)
  10 naga sharpshooters
  4 sun demons (Depths:2)
  3 salamander mystics
  Sonja (D:10)
  A fire crab (shapeshifter) (D:14)
  12 hell knights
  4 soul eaters (Depths:2)
  A deep elf knight (D:14)
  4 skeletal warriors (D:14)
  2 iron trolls
  2 goliath frogs
  2 glowing orange brains
  A storm dragon skeleton (Vaults:4)
  40 deep trolls
  7 naga ritualists
  A shadow wraith (D:14)
  A golden dragon zombie (Depths:1)
  12 swamp dragons
  5 spriggan druids
  4 bog bodies
  8 wizards
  A shadow dragon zombie (Depths:2)
  7 lindwurms
  5 harpies (Vaults:2)
  2 golden dragon skeletons
  14 ironbound convokers
  6 necromancers
  A wolf spider (D:15)
  6 deep elf pyromancers
  9 salamanders
  A phantasmal warrior (Vaults:4)
  7 orc sorcerers
  2 orc knights
  3 will-o-the-wisps
  44 ugly things
  10 mana vipers
  A fire giant zombie (Depths:2)
  3 tengu skeletons
  6 cyclopes
  4 manticores
  11 elephants
  An iron dragon skeleton (Vaults:4)
  2 shadow dragon skeletons (Depths:1)
  10 vault sentinels
  2 stone giant skeletons
  12 naga magi
  47 black mambas
  An ice statue (Swamp:3)
  5 guardian serpents (Snake:4)
  A gargoyle (D:14)
  Maurice (Orc:1)
  Maggie (D:7)
  2 torpor snails
  7 smoke demons
  A yaktaur (shapeshifter) (D:14)
  Psyche (D:8)
  14 cane toads
  3 freezing wraiths
  A kobold demonologist (D:9)
  37 yaktaurs
  15 komodo dragons
  An anaconda simulacrum (Vaults:4)
  2 rime drakes (Lair:2)
  3 tengu conjurers
  2 ice devils (D:12)
  2 unseen horrors
  6 dancing weapons (WizLab)
  A komodo dragon (shapeshifter) (Lair:5)
  2 efreet
  An ancient zyme (Lair:5)
  4 polar bears
  11 trolls
  12 tyrant leeches
  A tengu simulacrum (Vaults:4)
  Prince Ribbit (D:7)
  A polar bear (shapeshifter) (Lair:5)
  An iron dragon simulacrum (Vaults:4)
  9 hornets
  A dream sheep (shapeshifter) (Depths:4)
  26 slime creatures
  9 dream sheep
  A fire giant simulacrum (Vaults:4)
  18 blink frogs
  A culicivora (Vaults:4)
  13 small abominations
  6 wyverns
  3 centaur simulacra (D:14)
  A ynoxinul (Lair:5)
  2 shadows
  5 wraiths
  A vampire (D:9)
  13 spriggans
  2 water elementals (Depths:3)
  6 fire bats (Depths:2)
  40 yaks
  9 basilisks
  A basilisk (shapeshifter) (D:14)
  A golden eye (shapeshifter) (D:14)
  16 humans (D:14)
  Grum (D:11)
  A yaktaur simulacrum (Vaults:4)
  20 vampire mosquitoes
  2 chaos spawn (Lair:5)
  2 steam dragons
  A redback (Vaults:4)
  2 large abominations (Lair:5)
  14 swamp worms
  11 wargs
  25 nagas
  Edmund (D:6)
  20 water moccasins
  An acid dragon (D:14)
  Duvessa (D:4)
  9 swamp drakes
  18 orc warriors
  2 black bears
  7 ogres
  A fire dragon simulacrum (Vaults:4)
  A black mamba simulacrum (Vaults:4)
  5 wolves
  A phantom (D:4)
  11 centaurs
  9 kobold brigands
  15 bullfrogs
  A necrophage (D:6)
  5 gnoll sergeants (D:9)
  A glowing shapeshifter simulacrum (Vaults:4)
  3 scorpions
  Dowan (D:4)
  3 killer bees (D:9)
  An elephant simulacrum (Vaults:4)
  11 howler monkeys
  An electric eel (Lair:5)
  4 crimson imps (D:9)
  A lava snake (D:9)
  3 hounds
  A jelly (D:8)
  7 gnoll boudas (D:9)
  19 orc priests
  4 iguanas
  Natasha (D:2)
  28 orc wizards
  2 troll simulacra (Vaults:4)
  11 gnolls
  10 adders
  A naga simulacrum (Vaults:4)
  10 white imps
  An ufetubus (D:5)
  A worm (D:5)
  3 dart slugs
  56 orcs
  A bat (D:1)
  10 endoplasms
  7 giant cockroaches
  9 goblins
  10 hobgoblins
  13 kobolds
  3 quokkas
  10 ball pythons
  A frilled lizard (shapeshifter) (D:15)
  A frilled lizard (D:3)
  5 rats
1449 creatures vanquished.

Vanquished Creatures (collateral kills)
  A juggernaut (Depths:2)
  A strange machine (WizLab)
  A frost giant (Depths:2)
  An entropy weaver (Vaults:4)
  A bunyip (Swamp:1)
  A boulder beetle (D:14)
  3 hydras
  An ironbound frostheart (Vaults:3)
  An ogre mage (Orc:2)
  A death yak (Lair:5)
  A deep troll earth mage (Depths:1)
  A fire crab (shapeshifter) (D:14)
  2 iron trolls (Depths:1)
  A deep troll (Vaults:4)
  A skeletal warrior (D:14)
  A goliath frog (Swamp:1)
  A bog body (Swamp:3)
  A swamp dragon (Swamp:4)
  A frost giant zombie (Depths:2)
  A will-o-the-wisp (Swamp:4)
  2 orc sorcerers (Orc:2)
  A cyclops (D:14)
  A black mamba (Lair:5)
  2 ice statues (Vaults:4)
  A cane toad (shapeshifter) (D:14)
  A yaktaur (Vaults:4)
  A dancing weapon (WizLab)
  A vampire (D:12)
  A vampire mosquito (Swamp:3)
  A harpy simulacrum (Vaults:4)
  An orc wizard (Orc:2)
  An orc (Orc:2)
37 creatures vanquished.

Vanquished Creatures (others)
  A warg (Depths:2)
  A quokka (Depths:1)
  2 bushes
  16 foxfires
  33 fungi
  54 plants
107 creatures vanquished.

Grand Total: 1593 creatures vanquished

Notes
Turn   | Place    | Note
-------+----------+-------------------------------------------
     0 | D:1      | qw the Minotaur Berserker began the quest for the Orb.
     0 | D:1      | Reached XP level 1. HP: 19/19 MP: 0/0
     0 | D:1      | 0 ||| qw: Version: 0.1-a-119-g272c26d
     0 | D:1      | 0 ||| qw: Game counter: 11169
     0 | D:1      | 0 ||| qw: Always use a shield: true
     0 | D:1      | 0 ||| qw: Do Orc after D:15 true
     0 | D:1      | 0 ||| qw: Do second Lair branch before Depths: true
     0 | D:1      | 0 ||| qw: Lair rune preference: random
     0 | D:1      | 0 ||| qw: Plans: Normal
     0 | D:1      | 0 ||| PLANNING D:1-11
   242 | D:1      | Reached XP level 2. HP: 26/26 MP: 1/1
   795 | D:1      | 795 ||| Stepping ~*~*~tactically~*~*~ (stealth).
   797 | D:1      | Reached XP level 3. HP: 31/31 MP: 2/2
   798 | D:1      | 798 ||| Stepping ~*~*~tactically~*~*~ (stealth).
   869 | D:1      | Reached ** piety under Trog
  1254 | D:1      | 1254 ||| UPGRADING to +0 plate armour.
  1264 | D:1      | 1264 ||| DROPPING +0 animal skin.
  1265 | D:1      | 1265 ||| READING scroll labelled SUTUFU YKHLIOPA.
  1266 | D:1      | 1266 ||| READING scroll labelled COEHEL MOKHA.
  1267 | D:1      | 1267 ||| READING 2 scrolls labelled EBAOWYTHAO.
  1268 | D:1      | 1268 ||| DRINKING 3 purple potions.
  1269 | D:1      | 1269 ||| DROPPING scroll of butterflies.
  1372 | D:2      | Found a faded altar of an unknown god.
  1586 | D:2      | 1586 ||| Stepping ~*~*~tactically~*~*~ (stealth).
  2022 | D:2      | Noticed Natasha
  2023 | D:2      | 2023 ||| Stepping ~*~*~tactically~*~*~ (hiding).
  2026 | D:2      | 2026 ||| INVOKING Berserk.
  2028 | D:2      | Killed Natasha
  2029 | D:2      | Reached skill level 6 in Axes
  2029 | D:2      | Reached XP level 4. HP: 39/39 MP: 3/3
  2168 | D:2      | 2168 ||| READING scroll labelled KOGGIN PEFO.
  2169 | D:2      | 2169 ||| DRINKING 2 coppery potions.
  2404 | D:3      | Found a snail-covered altar of Cheibriados.
  2752 | D:3      | 2752 ||| Stepping ~*~*~tactically~*~*~ (stealth).
  2815 | D:3      | 2815 ||| DROPPING +0 club.
  2888 | D:3      | Found a sparkling altar of Nemelex Xobeh.
  2919 | D:3      | Found an ancient bone altar of Kikubaaqudgha.
  2921 | D:3      | Found a burning altar of Makhleb.
  2925 | D:3      | Found an iron altar of Okawaru.
  2925 | D:3      | Found a broken altar of Ashenzari.
  2928 | D:3      | Found a blossoming altar of Fedhas.
  2929 | D:3      | Found a basalt altar of Yredelemnul.
  2977 | D:3      | Found a runed translucent gate.
  2977 | D:3      | Found a runed translucent gate.
  2978 | D:3      | Found a runed translucent gate.
  2979 | D:3      | Noticed qw's ghost (amateur GrFi)
  2981 | D:3      | 2981 ||| UPGRADING to +0 pair of gloves.
  2986 | D:3      | 2986 ||| UPGRADING to +4 ring of protection.
  2987 | D:3      | 2987 ||| READING scroll labelled LEUTEO GAHUICS.
  2988 | D:3      | 2988 ||| READING scroll labelled ARROAF NELEMO.
  2989 | D:3      | 2989 ||| Stepping randomly (stuck).
  2990 | D:3      | 2990 ||| Stepping ~*~*~tactically~*~*~ (cloud).
  3093 | D:4      | 3093 ||| STAIRDANCE
  3100 | D:4      | Noticed a phantom
  3101 | D:4      | 3101 ||| STAIRDANCE
  3107 | D:3      | Reached XP level 5. HP: 40/45 MP: 4/4
  3154 | D:4      | Killed a phantom
  3262 | D:4      | Reached skill level 3 in Armour
  3262 | D:4      | Reached XP level 6. HP: 47/51 MP: 5/5
  3370 | D:4      | Reached skill level 4 in Fighting
  3387 | D:4      | Reached *** piety under Trog
  3389 | D:4      | Noticed a steam dragon
  3391 | D:4      | 3391 ||| Stepping ~*~*~tactically~*~*~ (cloud).
  3395 | D:4      | 3395 ||| INVOKING Berserk.
  3398 | D:4      | Killed a steam dragon
  3554 | D:4      | Identified the +10 ring mail "Gaffask" {rF+ rC- Dex+2}
  3599 | D:4      | 3599 ||| INVOKING Berserk.
  3607 | D:4      | HP: 12/52 [poisoned by a scorpion]
  3837 | D:4      | Noticed Dowan
  3839 | D:4      | 3839 ||| INVOKING Berserk.
  3839 | D:4      | Noticed Duvessa
  3841 | D:4      | Reached skill level 9 in Axes
  3841 | D:4      | Reached XP level 7. HP: 59/59 MP: 6/6
  3853 | D:4      | Killed Duvessa
  3856 | D:4      | Killed Dowan
  4184 | D:4      | 4184 ||| UPGRADING to +10 ring mail "Gaffask" {rF+ rC-
                  | Dex+2}.
  4194 | D:4      | 4194 ||| UPGRADING to +0 pair of boots.
  4199 | D:4      | 4199 ||| READING scroll labelled IDAUPP CO DAV.
  4200 | D:4      | 4200 ||| READING scroll labelled JIFU WEWIOMIKH.
  4201 | D:4      | 4201 ||| READING scroll labelled NEATREFIRU.
  4202 | D:4      | 4202 ||| DRINKING 3 fuming red potions.
  4203 | D:4      | 4203 ||| DRINKING 2 puce potions.
  4204 | D:4      | 4204 ||| DROPPING potion of brilliance.
  4221 | D:5      | Entered Level 5 of the Dungeon
  4222 | D:5      | 4222 ||| PLANNING OSSUARY
  4222 | D:5      | 4222 ||| INVOKING Berserk.
  4225 | D:5      | Reached skill level 5 in Fighting
  4229 | D:5      | 4229 ||| STAIRDANCE
  4463 | D:5      | 4463 ||| DROPPING +0 mace.
  4555 | D:5      | Noticed a troll
  4558 | D:5      | 4558 ||| INVOKING Berserk.
  4566 | D:5      | Killed a troll
  4567 | D:5      | Reached XP level 8. HP: 70/70 MP: 7/7
  4570 | D:5      | Reached skill level 1 in Throwing
  4696 | D:5      | Found Maipeas's Jewellery Shoppe.
  4742 | D:5      | Reached skill level 6 in Fighting
  4799 | D:5      | 4799 ||| INVOKING Berserk.
  4947 | D:5      | 4947 ||| RIP OSSUARY
  5015 | D:5      | 5015 ||| PLANNING D:1-11
  5363 | D:5      | 5363 ||| READING scroll labelled HESECWAOPH.
  5524 | D:5      | 5524 ||| DRINKING 2 yellow potions.
  5525 | D:5      | 5525 ||| READING 3 scrolls of identify.
  5525 | D:5      | 5525 ||| IDENTIFYING sapphire potion
  5526 | D:5      | 5526 ||| READING 2 scrolls of identify.
  5526 | D:5      | 5526 ||| IDENTIFYING fizzy red potion
  5527 | D:5      | 5527 ||| DROPPING potion of attraction.
  5528 | D:5      | 5528 ||| DROPPING potion of berserk rage.
  5529 | D:5      | 5529 ||| DROPPING potion of degeneration.
  5601 | D:6      | Found a staircase to the Ecumenical Temple.
  5722 | D:6      | 5722 ||| INVOKING Berserk.
  5985 | D:6      | Noticed Edmund
  5987 | D:6      | 5987 ||| INVOKING Berserk.
  6000 | D:6      | Killed Edmund
  6369 | D:6      | Reached skill level 12 in Axes
  6751 | D:7      | 6751 ||| Stepping ~*~*~tactically~*~*~ (stealth).
  6752 | D:7      | 6752 ||| Stepping ~*~*~tactically~*~*~ (stealth).
  6753 | D:7      | 6753 ||| Stepping ~*~*~tactically~*~*~ (hiding).
  6753 | D:7      | Found a glowing silver altar of Zin.
  6754 | D:7      | 6754 ||| Stepping ~*~*~tactically~*~*~ (hiding).
  6761 | D:7      | 6761 ||| INVOKING Berserk.
  6888 | D:7      | Found a stormy altar of Qazlal.
  6889 | D:7      | 6889 ||| SWAPPING to +0 war axe.
  6890 | D:7      | 6890 ||| DROPPING +0 flail.
  6891 | D:7      | 6891 ||| DROPPING +0 hand axe.
  6935 | D:7      | Found Voimahil's Distillery.
  6936 | D:7      | Noticed Maggie
  6955 | D:7      | Reached skill level 3 in Dodging
  6959 | D:7      | Noticed Prince Ribbit
  6960 | D:7      | Killed Maggie
  6961 | D:7      | Reached skill level 7 in Fighting
  6961 | D:7      | Reached XP level 9. HP: 30/79 MP: 8/8
  6961 | D:7      | 6961 ||| FLEEEEING.
  6970 | D:7      | 6970 ||| STAIRDANCE
  7171 | D:6      | 7171 ||| READING scroll labelled KIYKUCR KARIMI.
  7172 | D:6      | 7172 ||| READING 2 scrolls of identify.
  7172 | D:6      | 7172 ||| IDENTIFYING clear potion
  7175 | D:7      | 7175 ||| INVOKING Berserk.
  7179 | D:7      | Killed Prince Ribbit
  7189 | D:7      | 7189 ||| STAIRDANCE
  7309 | D:7      | 7309 ||| BUYING potion of mutation (120 gold).
  7309 | D:7      | Bought a potion of mutation for 120 gold pieces
  7318 | D:7      | 7318 ||| DROPPING +4 flail.
  7613 | D:8      | Reached skill level 8 in Fighting
  7722 | D:8      | 7722 ||| Stepping ~*~*~tactically~*~*~ (stealth).
  7723 | D:8      | 7723 ||| Stepping ~*~*~tactically~*~*~ (stealth).
  7725 | D:8      | 7725 ||| Stepping ~*~*~tactically~*~*~ (hiding).
  7728 | D:8      | 7728 ||| INVOKING Berserk.
  8059 | D:8      | 8059 ||| INVOKING Berserk.
  8233 | D:8      | Found a hazy altar of Hepliaklqana.
  8233 | D:8      | Noticed Psyche
  8235 | D:8      | 8235 ||| INVOKING Berserk.
  8241 | D:8      | Killed Psyche
  8493 | D:8      | 8493 ||| INVOKING Berserk.
  8719 | D:8      | 8719 ||| UPGRADING to +6 ring of dexterity.
  8720 | D:8      | 8720 ||| READING scroll labelled JUDIQU YRIORPHE.
  8776 | D:9      | Found Uleem's General Store.
  8788 | D:9      | 8788 ||| INVOKING Berserk.
  8800 | D:9      | 8800 ||| Stepping ~*~*~tactically~*~*~ (stealth).
  8803 | D:9      | 8803 ||| Stepping ~*~*~tactically~*~*~ (stealth).
  8812 | D:9      | Reached XP level 10. HP: 77/90 MP: 9/9
  8893 | D:9      | Found a shimmering altar of Xom.
  8999 | D:9      | 8999 ||| Stepping ~*~*~tactically~*~*~ (hiding).
  9002 | D:9      | 9002 ||| Stepping ~*~*~tactically~*~*~ (hiding).
  9003 | D:9      | 9003 ||| Stepping ~*~*~tactically~*~*~ (hiding).
  9005 | D:9      | Noticed a rust devil
  9011 | D:9      | Noticed a soul eater
  9019 | D:9      | Noticed a smoke demon
  9087 | D:9      | 9087 ||| Stepping ~*~*~tactically~*~*~ (stealth).
  9146 | D:9      | 9146 ||| INVOKING Berserk.
  9268 | D:9      | 9268 ||| FLEEEEING.
  9269 | D:9      | 9269 ||| FLEEEEING.
  9270 | D:9      | 9270 ||| FLEEEEING.
  9271 | D:9      | 9271 ||| FLEEEEING.
  9274 | D:9      | 9274 ||| FLEEEEING.
  9275 | D:9      | 9275 ||| FLEEEEING.
  9276 | D:9      | 9276 ||| FLEEEEING.
  9277 | D:9      | 9277 ||| FLEEEEING.
  9278 | D:9      | 9278 ||| FLEEEEING.
  9279 | D:9      | 9279 ||| FLEEEEING.
  9280 | D:9      | 9280 ||| STAIRDANCE
  9448 | D:9      | Noticed a two-headed ogre
  9449 | D:9      | 9449 ||| INVOKING Berserk.
  9452 | D:9      | Killed a two-headed ogre
  9453 | D:9      | Reached skill level 15 in Axes
  9481 | D:9      | Reached skill level 9 in Fighting
  9558 | D:9      | Found Tiongoc's Antique Weapon Emporium.
  9564 | D:9      | 9564 ||| FLEEEEING.
  9565 | D:9      | 9565 ||| FLEEEEING.
  9566 | D:9      | 9566 ||| FLEEEEING.
  9733 | D:9      | Reached skill level 6 in Dodging
  9739 | D:9      | Reached **** piety under Trog
  9828 | D:9      | 9828 ||| INVOKING Berserk.
  9878 | D:9      | Noticed a two-headed ogre
 10042 | D:9      | Noticed a cyclops
 10062 | D:9      | Noticed a two-headed ogre
 10065 | D:9      | 10065 ||| INVOKING Berserk.
 10073 | D:9      | Killed a two-headed ogre
 10074 | D:9      | Reached skill level 10 in Fighting
 10075 | D:9      | Reached XP level 11. HP: 100/100 MP: 10/10
 10145 | D:9      | Found Tamay's Magic Scroll Emporium.
 10149 | D:9      | 10149 ||| Stepping ~*~*~tactically~*~*~ (hiding).
 10226 | D:9      | 10226 ||| SHOPLISTING scroll of acquirement (832 gold, have
                  | 301).
 10226 | D:9      | 10226 ||| BUYING scroll of enchant weapon (120 gold).
 10226 | D:9      | Bought a scroll of enchant weapon for 120 gold pieces
 10226 | D:9      | 10226 ||| BUYING scroll of identify (32 gold).
 10226 | D:9      | Bought a scroll of identify for 32 gold pieces
 10226 | D:9      | 10226 ||| READING scroll of enchant weapon.
 10226 | D:9      | 10226 ||| ENCHANTING +0 war axe.
 10280 | D:9      | 10280 ||| Stepping ~*~*~tactically~*~*~ (stealth).
 10281 | D:9      | 10281 ||| Stepping ~*~*~tactically~*~*~ (stealth).
 10288 | D:9      | 10288 ||| INVOKING Berserk.
 10647 | D:9      | 10647 ||| Stepping ~*~*~tactically~*~*~ (water).
 10647 | D:9      | Noticed a two-headed ogre
 10648 | D:9      | 10648 ||| INVOKING Berserk.
 10666 | D:9      | Killed a two-headed ogre
 10669 | D:9      | HP: 28/150 [gnoll sergeant/+0 spear (10)]
 10673 | D:9      | 10673 ||| READING scroll of teleportation.
 10674 | D:9      | 10674 ||| DRINKING 2 potions of heal wounds.
 10893 | D:9      | Noticed an ogre mage
 10894 | D:9      | 10894 ||| INVOKING Trog's Hand.
 10897 | D:9      | 10897 ||| INVOKING Berserk.
 10903 | D:9      | Killed an ogre mage
 10904 | D:9      | Reached skill level 11 in Fighting
 10914 | D:9      | 10914 ||| Stepping ~*~*~tactically~*~*~ (water).
 10949 | D:9      | 10949 ||| FLEEEEING.
 10950 | D:9      | 10950 ||| FLEEEEING.
 10951 | D:9      | 10951 ||| FLEEEEING.
 10952 | D:9      | 10952 ||| FLEEEEING.
 10953 | D:9      | 10953 ||| FLEEEEING.
 10954 | D:9      | 10954 ||| FLEEEEING.
 10955 | D:9      | 10955 ||| FLEEEEING.
 10956 | D:9      | 10956 ||| FLEEEEING.
 10957 | D:9      | 10957 ||| FLEEEEING.
 10958 | D:9      | 10958 ||| FLEEEEING.
 10959 | D:9      | 10959 ||| FLEEEEING.
 10960 | D:9      | 10960 ||| FLEEEEING.
 10961 | D:9      | 10961 ||| FLEEEEING.
 10962 | D:9      | 10962 ||| FLEEEEING.
 10966 | D:9      | 10966 ||| FLEEEEING.
 10967 | D:9      | 10967 ||| FLEEEEING.
 10968 | D:9      | 10968 ||| FLEEEEING.
 10969 | D:9      | 10969 ||| FLEEEEING.
 10970 | D:9      | 10970 ||| FLEEEEING.
 10971 | D:9      | 10971 ||| STAIRDANCE
 11059 | D:8      | 11059 ||| UPGRADING to +0 kite shield.
 11064 | D:8      | 11064 ||| DROPPING amulet of faith.
 11065 | D:8      | 11065 ||| READING scroll labelled YRAICE NEATYWU.
 11066 | D:8      | 11066 ||| READING scroll labelled GAUKKOH KEMUFU.
 11167 | D:8      | 11167 ||| READING 2 scrolls of identify.
 11167 | D:8      | 11167 ||| IDENTIFYING viscous clear potion
 11168 | D:8      | 11168 ||| DROPPING potion of ambrosia.
 11220 | D:9      | Reached skill level 1 in Shields
 11250 | D:9      | 11250 ||| Stepping ~*~*~tactically~*~*~ (stealth).
 11252 | D:9      | 11252 ||| INVOKING Berserk.
 11348 | D:9      | 11348 ||| Stepping ~*~*~tactically~*~*~ (stealth).
 11351 | D:9      | 11351 ||| INVOKING Berserk.
 11434 | D:9      | 11434 ||| INVOKING Berserk.
 11438 | D:9      | Killed a two-headed ogre
 11439 | D:9      | Reached skill level 3 in Shields
 11553 | D:9      | 11553 ||| INVOKING Berserk.
 11578 | D:9      | Noticed a two-headed ogre
 11579 | D:9      | 11579 ||| FLEEEEING.
 11587 | D:9      | 11587 ||| INVOKING Berserk.
 11591 | D:9      | Killed a two-headed ogre
 11770 | D:9      | 11770 ||| Stepping ~*~*~tactically~*~*~ (stealth).
 11774 | D:9      | 11774 ||| INVOKING Berserk.
 11805 | D:9      | 11805 ||| FLEEEEING.
 11806 | D:9      | 11806 ||| FLEEEEING.
 11807 | D:9      | 11807 ||| Stepping ~*~*~tactically~*~*~ (stealth).
 11808 | D:9      | 11808 ||| Stepping ~*~*~tactically~*~*~ (stealth).
 11810 | D:9      | 11810 ||| Stepping ~*~*~tactically~*~*~ (hiding).
 11814 | D:9      | 11814 ||| INVOKING Berserk.
 11933 | D:9      | 11933 ||| Stepping ~*~*~tactically~*~*~ (stealth).
 11940 | D:9      | Reached skill level 6 in Shields
 11942 | D:9      | 11942 ||| Stepping ~*~*~tactically~*~*~ (stealth).
 11999 | D:9      | Found Zoxtaosm's General Store.
 12007 | D:9      | 12007 ||| BUYING potion of heal wounds (70 gold).
 12007 | D:9      | Bought a potion of heal wounds for 70 gold pieces
 12227 | D:10     | Entered Level 10 of the Dungeon
 12275 | D:10     | 12275 ||| INVOKING Berserk.
 12408 | D:10     | 12408 ||| INVOKING Berserk.
 12584 | D:10     | 12584 ||| Stepping ~*~*~tactically~*~*~ (hiding).
 12601 | D:10     | 12601 ||| Stepping ~*~*~tactically~*~*~ (stealth).
 12602 | D:10     | 12602 ||| Stepping ~*~*~tactically~*~*~ (stealth).
 12606 | D:10     | 12606 ||| INVOKING Berserk.
 12834 | D:10     | 12834 ||| Stepping ~*~*~tactically~*~*~ (stealth).
 12902 | D:10     | 12902 ||| INVOKING Berserk.
 13014 | D:10     | Noticed Sonja
 13015 | D:10     | 13015 ||| Stepping ~*~*~tactically~*~*~ (stealth).
 13017 | D:10     | Noticed a two-headed ogre
 13018 | D:10     | 13018 ||| INVOKING Berserk.
 13021 | D:10     | Killed a two-headed ogre
 13025 | D:10     | Reached skill level 9 in Shields
 13027 | D:10     | Killed Sonja
 13138 | D:10     | Found a staircase to the Orcish Mines.
 13158 | D:10     | Noticed a two-headed ogre
 13159 | D:10     | 13159 ||| INVOKING Berserk.
 13162 | D:10     | Killed a two-headed ogre
 13566 | D:10     | 13566 ||| READING 6 scrolls of identify.
 13566 | D:10     | 13566 ||| IDENTIFYING fuming dark potion
 13567 | D:10     | 13567 ||| DROPPING potion of lignification.
 13713 | D:11     | 13713 ||| Stepping ~*~*~tactically~*~*~ (hiding).
 13734 | D:11     | Reached XP level 12. HP: 110/110 MP: 11/11
 13734 | D:11     | 13734 ||| Stepping ~*~*~tactically~*~*~ (stealth).
 13736 | D:11     | 13736 ||| Stepping ~*~*~tactically~*~*~ (stealth).
 13738 | D:11     | 13738 ||| Stepping ~*~*~tactically~*~*~ (stealth).
 13765 | D:11     | 13765 ||| Stepping ~*~*~tactically~*~*~ (stealth).
 13838 | D:11     | Noticed Grum
 13843 | D:11     | 13843 ||| INVOKING Berserk.
 13852 | D:11     | Killed Grum
 14032 | D:11     | Found a staircase to the Lair.
 14034 | D:11     | 14034 ||| Stepping ~*~*~tactically~*~*~ (hiding).
 14060 | D:11     | 14060 ||| FLEEEEING.
 14061 | D:11     | 14061 ||| FLEEEEING.
 14062 | D:11     | 14062 ||| FLEEEEING.
 14063 | D:11     | 14063 ||| FLEEEEING.
 14064 | D:11     | 14064 ||| FLEEEEING.
 14065 | D:11     | 14065 ||| FLEEEEING.
 14066 | D:11     | 14066 ||| FLEEEEING.
 14067 | D:11     | 14067 ||| FLEEEEING.
 14069 | D:11     | 14069 ||| FLEEEEING.
 14070 | D:11     | 14070 ||| FLEEEEING.
 14072 | D:11     | 14072 ||| FLEEEEING.
 14073 | D:11     | 14073 ||| FLEEEEING.
 14074 | D:11     | 14074 ||| STAIRDANCE
 14131 | D:10     | 14131 ||| READING scroll labelled UFY QANLUSCH.
 14134 | D:11     | 14134 ||| STAIRDANCE
 14174 | D:11     | 14174 ||| Stepping ~*~*~tactically~*~*~ (stealth).
 14268 | D:11     | 14268 ||| Stepping ~*~*~tactically~*~*~ (stealth).
 14269 | D:11     | 14269 ||| Stepping ~*~*~tactically~*~*~ (stealth).
 14271 | D:11     | 14271 ||| Stepping ~*~*~tactically~*~*~ (hiding).
 14525 | D:11     | Found a runed translucent gate.
 14525 | D:11     | Found a runed translucent gate.
 14526 | D:11     | Found a runed translucent gate.
 14598 | D:11     | Noticed Qatz's ghost (journeyman GrFi)
 14601 | D:11     | Found a viscous altar of Jiyva.
 14757 | D:11     | Reached skill level 12 in Shields
 14792 | D:11     | 14792 ||| PLANNING LAIR
 14792 | D:11     | 14792 ||| DRINKING 3 fizzy blue potions.
 14810 | Lair:1   | Entered Level 1 of the Lair of Beasts
 14955 | Lair:1   | 14955 ||| INVOKING Berserk.
 15205 | Lair:1   | 15205 ||| INVOKING Berserk.
 15211 | Lair:1   | Reached skill level 6 in Armour
 15242 | Lair:1   | 15242 ||| Stepping ~*~*~tactically~*~*~ (stealth).
 15267 | Lair:1   | 15267 ||| Stepping ~*~*~tactically~*~*~ (stealth).
 15268 | Lair:1   | 15268 ||| Stepping ~*~*~tactically~*~*~ (stealth).
 15270 | Lair:1   | 15270 ||| INVOKING Berserk.
 15452 | Lair:1   | Found a runed translucent door.
 15456 | Lair:1   | Noticed qw's ghost (novice MiBe)
 15457 | Lair:1   | Identified the +12 spear "Pendulum" {vorpal, Will+ rCorr
                  | MP-9 Int+7}
 15466 | Lair:1   | Reached skill level 12 in Fighting
 15650 | Lair:1   | 15650 ||| Stepping ~*~*~tactically~*~*~ (stealth).
 15652 | Lair:1   | 15652 ||| Stepping ~*~*~tactically~*~*~ (stealth).
 15972 | Lair:1   | 15972 ||| UPGRADING to amulet of guardian spirit.
 16003 | Lair:2   | 16003 ||| INVOKING Berserk.
 16010 | Lair:2   | 16010 ||| STAIRDANCE
 16338 | Lair:2   | 16338 ||| Stepping ~*~*~tactically~*~*~ (stealth).
 16354 | Lair:2   | 16354 ||| Stepping ~*~*~tactically~*~*~ (stealth).
 16355 | Lair:2   | 16355 ||| Stepping ~*~*~tactically~*~*~ (stealth).
 16356 | Lair:2   | 16356 ||| Stepping ~*~*~tactically~*~*~ (stealth).
 16358 | Lair:2   | 16358 ||| INVOKING Berserk.
 16370 | Lair:2   | 16370 ||| DRINKING potion of cancellation.
 16573 | Lair:2   | 16573 ||| INVOKING Berserk.
 16695 | Lair:2   | 16695 ||| Stepping ~*~*~tactically~*~*~ (stealth).
 16708 | Lair:2   | Reached skill level 9 in Dodging
 16721 | Lair:2   | Noticed a six-headed hydra
 16722 | Lair:2   | 16722 ||| INVOKING Brothers in Arms.
 16723 | Lair:2   | 16723 ||| INVOKING Brothers in Arms.
 16724 | Lair:2   | 16724 ||| INVOKING Brothers in Arms.
 16725 | Lair:2   | 16725 ||| INVOKING Brothers in Arms.
 16726 | Lair:2   | 16726 ||| INVOKING Brothers in Arms.
 16727 | Lair:2   | 16727 ||| INVOKING Brothers in Arms.
 16728 | Lair:2   | 16728 ||| INVOKING Brothers in Arms.
 16729 | Lair:2   | 16729 ||| INVOKING Brothers in Arms.
 16730 | Lair:2   | 16730 ||| INVOKING Brothers in Arms.
 16731 | Lair:2   | 16731 ||| INVOKING Brothers in Arms.
 16731 | Lair:2   | HP: 26/112 [six-headed hydra (6)]
 16731 | Lair:2   | HP: 12/112 [six-headed hydra (3)]
 16732 | Lair:2   | 16732 ||| READING scroll of teleportation.
 16733 | Lair:2   | 16733 ||| DRINKING 2 potions of heal wounds.
 16734 | Lair:2   | 16734 ||| DRINKING potion of heal wounds.
 16756 | Lair:2   | 16756 ||| INVOKING Berserk.
 16930 | Lair:2   | 16930 ||| INVOKING Berserk.
 17091 | Lair:2   | 17091 ||| Stepping ~*~*~tactically~*~*~ (stealth).
 17132 | Lair:2   | 17132 ||| Stepping ~*~*~tactically~*~*~ (stealth).
 17133 | Lair:2   | 17133 ||| Stepping ~*~*~tactically~*~*~ (stealth).
 17153 | Lair:2   | Reached skill level 13 in Fighting
 17159 | Lair:2   | 17159 ||| Stepping ~*~*~tactically~*~*~ (stealth).
 17167 | Lair:2   | Reached XP level 13. HP: 122/122 MP: 12/12
 17173 | Lair:2   | 17173 ||| INVOKING Berserk.
 17199 | Lair:2   | 17199 ||| Stepping ~*~*~tactically~*~*~ (stealth).
 17254 | Lair:2   | 17254 ||| Stepping ~*~*~tactically~*~*~ (stealth).
 17304 | Lair:2   | 17304 ||| Stepping ~*~*~tactically~*~*~ (stealth).
 17306 | Lair:2   | 17306 ||| INVOKING Berserk.
 17450 | Lair:2   | Reached skill level 3 in Throwing
 17543 | Lair:2   | 17543 ||| INVOKING Berserk.
 17863 | Lair:2   | 17863 ||| Stepping ~*~*~tactically~*~*~ (stealth).
 17864 | Lair:2   | 17864 ||| Stepping ~*~*~tactically~*~*~ (stealth).
 17865 | Lair:2   | 17865 ||| INVOKING Berserk.
 17997 | Lair:2   | 17997 ||| Stepping ~*~*~tactically~*~*~ (stealth).
 18000 | Lair:2   | 18000 ||| Stepping ~*~*~tactically~*~*~ (stealth).
 18011 | Lair:2   | 18011 ||| Stepping ~*~*~tactically~*~*~ (stealth).
 18013 | Lair:2   | 18013 ||| INVOKING Berserk.
 18152 | Lair:2   | 18152 ||| Stepping ~*~*~tactically~*~*~ (stealth).
 18153 | Lair:2   | 18153 ||| Stepping ~*~*~tactically~*~*~ (stealth).
 18154 | Lair:2   | 18154 ||| Stepping ~*~*~tactically~*~*~ (stealth).
 18155 | Lair:2   | 18155 ||| Stepping ~*~*~tactically~*~*~ (stealth).
 18159 | Lair:2   | 18159 ||| Stepping ~*~*~tactically~*~*~ (stealth).
 18160 | Lair:2   | 18160 ||| Stepping ~*~*~tactically~*~*~ (stealth).
 18161 | Lair:2   | 18161 ||| Stepping ~*~*~tactically~*~*~ (stealth).
 18209 | Lair:2   | 18209 ||| UPGRADING to amulet of reflection.
 18219 | Lair:2   | 18219 ||| DROPPING amulet of guardian spirit.
 18220 | Lair:2   | 18220 ||| UPGRADING to +6 ring of strength.
 18222 | Lair:2   | 18222 ||| DROPPING +6 ring of dexterity.
 18299 | Lair:3   | 18299 ||| Stepping ~*~*~tactically~*~*~ (stealth).
 18307 | Lair:3   | 18307 ||| INVOKING Berserk.
 18568 | Lair:3   | Found a staircase to the Snake Pit.
 18608 | Lair:3   | Reached skill level 14 in Fighting
 18648 | Lair:3   | 18648 ||| Stepping ~*~*~tactically~*~*~ (stealth).
 18650 | Lair:3   | 18650 ||| INVOKING Berserk.
 18792 | Lair:3   | 18792 ||| INVOKING Berserk.
 18920 | Lair:3   | 18920 ||| INVOKING Berserk.
 19437 | Lair:3   | Found a staircase to the Swamp.
 19438 | Lair:3   | 19438 ||| Stepping ~*~*~tactically~*~*~ (cloud).
 19447 | Lair:3   | 19447 ||| Stepping ~*~*~tactically~*~*~ (stealth).
 19457 | Lair:3   | 19457 ||| DRINKING 8 potions of curing.
 19457 | Lair:3   | 19457 ||| (to cure bad poison)
 19465 | Lair:3   | 19465 ||| FLEEEEING.
 19466 | Lair:3   | 19466 ||| FLEEEEING.
 19468 | Lair:3   | 19468 ||| FLEEEEING.
 19469 | Lair:3   | 19469 ||| STAIRDANCE
 19661 | Lair:3   | Reached skill level 15 in Fighting
 19686 | Lair:3   | 19686 ||| INVOKING Berserk.
 19929 | Lair:4   | 19929 ||| STAIRDANCE
 19940 | Lair:4   | 19940 ||| STAIRDANCE
 19959 | Lair:4   | 19959 ||| STAIRDANCE
 19961 | Lair:3   | 19961 ||| INVOKING Berserk.
 20078 | Lair:4   | 20078 ||| STAIRDANCE
 20135 | Lair:4   | 20135 ||| Stepping ~*~*~tactically~*~*~ (stealth).
 20136 | Lair:4   | 20136 ||| Stepping ~*~*~tactically~*~*~ (stealth).
 20142 | Lair:4   | 20142 ||| Stepping ~*~*~tactically~*~*~ (stealth).
 20143 | Lair:4   | 20143 ||| Stepping ~*~*~tactically~*~*~ (stealth).
 20219 | Lair:4   | 20219 ||| Stepping ~*~*~tactically~*~*~ (stealth).
 20246 | Lair:4   | Reached skill level 15 in Shields
 20285 | Lair:4   | 20285 ||| Stepping ~*~*~tactically~*~*~ (cloud).
 20288 | Lair:4   | 20288 ||| Stepping ~*~*~tactically~*~*~ (hiding).
 20289 | Lair:4   | 20289 ||| Stepping ~*~*~tactically~*~*~ (hiding).
 20292 | Lair:4   | 20292 ||| INVOKING Berserk.
 20527 | Lair:4   | 20527 ||| Stepping ~*~*~tactically~*~*~ (stealth).
 20531 | Lair:4   | 20531 ||| INVOKING Berserk.
 20811 | Lair:4   | 20811 ||| Stepping ~*~*~tactically~*~*~ (stealth).
 20817 | Lair:4   | 20817 ||| Stepping ~*~*~tactically~*~*~ (stealth).
 20819 | Lair:4   | 20819 ||| Stepping ~*~*~tactically~*~*~ (stealth).
 20820 | Lair:4   | 20820 ||| Stepping ~*~*~tactically~*~*~ (stealth).
 20824 | Lair:4   | Reached XP level 14. HP: 135/135 MP: 13/13
 20834 | Lair:4   | 20834 ||| INVOKING Berserk.
 21247 | Lair:4   | 21247 ||| DROPPING scarf of harm.
 21248 | Lair:4   | 21248 ||| READING 10 scrolls of identify.
 21248 | Lair:4   | 21248 ||| IDENTIFYING lumpy clear potion
 21249 | Lair:4   | 21249 ||| DROPPING potion of flight.
 21276 | Lair:5   | Entered Level 5 of the Lair of Beasts
 21281 | Lair:5   | 21281 ||| Stepping ~*~*~tactically~*~*~ (hiding).
 21329 | Lair:5   | Reached ***** piety under Trog
 21497 | Lair:5   | 21497 ||| Stepping ~*~*~tactically~*~*~ (stealth).
 21520 | Lair:5   | 21520 ||| Stepping ~*~*~tactically~*~*~ (stealth).
 21533 | Lair:5   | 21533 ||| Stepping ~*~*~tactically~*~*~ (hiding).
 21544 | Lair:5   | Reached skill level 16 in Fighting
 21566 | Lair:5   | 21566 ||| Stepping ~*~*~tactically~*~*~ (hiding).
 21568 | Lair:5   | 21568 ||| Stepping ~*~*~tactically~*~*~ (hiding).
 21572 | Lair:5   | 21572 ||| Stepping ~*~*~tactically~*~*~ (hiding).
 21609 | Lair:5   | Found the +3 Elemental Staff {rElec rF++ rC++ AC+5}
 21712 | Lair:5   | Reached skill level 9 in Armour
 21716 | Lair:5   | 21716 ||| INVOKING Berserk.
 21853 | Lair:5   | 21853 ||| Stepping ~*~*~tactically~*~*~ (hiding).
 22003 | Lair:5   | Found a corrupted altar of Lugonu.
 22003 | Lair:5   | Found a one-way gate to the infinite horrors of the Abyss.
 22018 | Lair:5   | Identified the +4 ring mail of Qymn {MP+9 Dex+2}
 22077 | Lair:5   | 22077 ||| Stepping ~*~*~tactically~*~*~ (hiding).
 22080 | Lair:5   | 22080 ||| Stepping ~*~*~tactically~*~*~ (hiding).
 22302 | Lair:5   | 22302 ||| Stepping ~*~*~tactically~*~*~ (stealth).
 22311 | Lair:5   | Reached skill level 17 in Fighting
 22330 | Lair:5   | Found a viscous altar of Jiyva.
 22340 | Lair:5   | Found a staircase to the Slime Pits.
 22448 | Lair:5   | 22448 ||| INVOKING Brothers in Arms.
 22451 | Lair:5   | 22451 ||| INVOKING Berserk.
 22631 | Lair:5   | 22631 ||| INVOKING Brothers in Arms.
 22634 | Lair:5   | 22634 ||| SWAPPING to +4 morningstar of protection.
 22636 | Lair:5   | 22636 ||| INVOKING Berserk.
 22644 | Lair:5   | 22644 ||| SWAPPING to +1 vampiric war axe.
 22911 | Lair:5   | 22911 ||| INVOKING Brothers in Arms.
 22913 | Lair:5   | 22913 ||| SWAPPING to +4 morningstar of protection.
 22915 | Lair:5   | 22915 ||| INVOKING Berserk.
 22951 | Lair:5   | 22951 ||| SWAPPING to +1 vampiric war axe.
 23700 | Lair:5   | 23700 ||| PLANNING D
 23806 | D:12     | Noticed Frances
 23807 | D:12     | 23807 ||| INVOKING Brothers in Arms.
 23808 | D:12     | Noticed Jorgrun
 23808 | D:12     | 23808 ||| INVOKING Berserk.
 23814 | D:12     | Killed Frances
 23823 | D:12     | Killed Jorgrun
 23824 | D:12     | Reached skill level 18 in Fighting
 23969 | D:12     | Noticed Rupert
 23970 | D:12     | 23970 ||| INVOKING Trog's Hand.
 23971 | D:12     | 23971 ||| INVOKING Berserk.
 23975 | D:12     | Killed Rupert
 24060 | D:12     | Noticed Josephine
 24061 | D:12     | 24061 ||| Stepping ~*~*~tactically~*~*~ (hiding).
 24067 | D:12     | Killed Josephine
 24476 | D:12     | 24476 ||| INVOKING Brothers in Arms.
 24479 | D:12     | 24479 ||| SWAPPING to +4 morningstar of protection.
 24481 | D:12     | 24481 ||| INVOKING Berserk.
 24496 | D:12     | 24496 ||| SWAPPING to +1 vampiric war axe.
 24841 | D:12     | 24841 ||| Stepping ~*~*~tactically~*~*~ (stealth).
 24866 | D:12     | 24866 ||| Stepping ~*~*~tactically~*~*~ (stealth).
 24868 | D:12     | 24868 ||| Stepping ~*~*~tactically~*~*~ (hiding).
 24977 | D:12     | Found the +8 frozen axe "Frostbite" {freezing cloud, *Noise
                  | Fly rC+}
 25144 | D:13     | Found Hoinue's Magic Scroll Emporium.
 25147 | D:13     | 25147 ||| BUYING scroll of brand weapon (114 gold).
 25147 | D:13     | Bought a scroll of brand weapon for 114 gold pieces
 25152 | D:13     | 25152 ||| STAIRDANCE
 25216 | D:13     | Reached XP level 15. HP: 148/149 MP: 14/14
 25422 | D:13     | 25422 ||| UPGRADING to +2 cloak.
 25459 | D:13     | 25459 ||| Stepping ~*~*~tactically~*~*~ (stealth).
 25461 | D:13     | 25461 ||| Stepping ~*~*~tactically~*~*~ (stealth).
 25554 | D:13     | 25554 ||| Stepping ~*~*~tactically~*~*~ (stealth).
 25606 | D:13     | 25606 ||| READING scroll of enchant weapon.
 25606 | D:13     | 25606 ||| ENCHANTING +1 vampiric war axe.
 25970 | D:13     | 25970 ||| Stepping ~*~*~tactically~*~*~ (stealth).
 26175 | D:13     | 26175 ||| Stepping ~*~*~tactically~*~*~ (hiding).
 26371 | D:14     | Noticed Nessos
 26371 | D:14     | Found a gate to the Vaults.
 26377 | D:14     | 26377 ||| INVOKING Berserk.
 26400 | D:14     | 26400 ||| INVOKING Brothers in Arms.
 26401 | D:14     | Killed Nessos
 26455 | D:14     | 26455 ||| READING 2 scrolls of teleportation.
 26468 | D:14     | 26468 ||| INVOKING Berserk.
 26490 | D:14     | 26490 ||| INVOKING Brothers in Arms.
 26491 | D:14     | 26491 ||| INVOKING Brothers in Arms.
 26492 | D:14     | 26492 ||| INVOKING Brothers in Arms.
 26496 | D:14     | Reached skill level 19 in Fighting
 26829 | D:14     | 26829 ||| Stepping ~*~*~tactically~*~*~ (stealth).
 26859 | D:14     | 26859 ||| INVOKING Brothers in Arms.
 26861 | D:14     | 26861 ||| SWAPPING to +4 morningstar of protection.
 26863 | D:14     | 26863 ||| INVOKING Berserk.
 26869 | D:14     | 26869 ||| SWAPPING to +2 vampiric war axe.
 26993 | D:14     | Noticed a tengu reaver
 26995 | D:14     | 26995 ||| INVOKING Berserk.
 27010 | D:14     | Killed a tengu reaver
 27096 | D:14     | Found the +2 shield of Resistance {rF++ rC++ Will++}
 27114 | D:14     | 27114 ||| DROPPING +1 morningstar of protection.
 27228 | D:14     | 27228 ||| Stepping ~*~*~tactically~*~*~ (cloud).
 27267 | D:14     | Found Diyvis's Antique Weapon Shop.
 27317 | D:14     | 27317 ||| INVOKING Trog's Hand.
 27671 | D:14     | 27671 ||| UPGRADING to +2 shield of Resistance {rF++ rC++
                  | Will++}.
 27681 | D:14     | 27681 ||| DROPPING +0 kite shield.
 27782 | D:14     | 27782 ||| INVOKING Berserk.
 27786 | D:14     | Reached skill level 20 in Fighting
 27798 | D:14     | 27798 ||| INVOKING Brothers in Arms.
 27822 | D:14     | Reached XP level 16. HP: 133/162 MP: 15/15
 27944 | D:14     | 27944 ||| READING scroll of enchant weapon.
 27944 | D:14     | 27944 ||| ENCHANTING +2 vampiric war axe.
 27969 | D:14     | Reached skill level 12 in Armour
 27988 | D:14     | 27988 ||| DROPPING +4 morningstar of protection.
 28087 | D:15     | Entered Level 15 of the Dungeon
 28095 | D:15     | 28095 ||| INVOKING Trog's Hand.
 28281 | D:15     | 28281 ||| Stepping ~*~*~tactically~*~*~ (stealth).
 28282 | D:15     | 28282 ||| Stepping ~*~*~tactically~*~*~ (stealth).
 28283 | D:15     | 28283 ||| Stepping ~*~*~tactically~*~*~ (stealth).
 28286 | D:15     | 28286 ||| Stepping ~*~*~tactically~*~*~ (stealth).
 28287 | D:15     | 28287 ||| Stepping ~*~*~tactically~*~*~ (stealth).
 28288 | D:15     | 28288 ||| Stepping ~*~*~tactically~*~*~ (stealth).
 28289 | D:15     | 28289 ||| Stepping ~*~*~tactically~*~*~ (stealth).
 28376 | D:15     | 28376 ||| INVOKING Trog's Hand.
 28377 | D:15     | 28377 ||| INVOKING Berserk.
 28384 | D:15     | Found a staircase to the Depths.
 28732 | D:15     | 28732 ||| Stepping ~*~*~tactically~*~*~ (stealth).
 28734 | D:15     | 28734 ||| Stepping ~*~*~tactically~*~*~ (stealth).
 28740 | D:15     | 28740 ||| Stepping ~*~*~tactically~*~*~ (stealth).
 28741 | D:15     | 28741 ||| Stepping ~*~*~tactically~*~*~ (stealth).
 28816 | D:15     | 28816 ||| Stepping ~*~*~tactically~*~*~ (hiding).
 28817 | D:15     | 28817 ||| Stepping ~*~*~tactically~*~*~ (hiding).
 29246 | D:14     | 29246 ||| Stepping ~*~*~tactically~*~*~ (cloud).
 29258 | D:14     | Reached skill level 12 in Dodging
 29295 | D:14     | 29295 ||| INVOKING Berserk.
 29376 | D:14     | 29376 ||| Stepping ~*~*~tactically~*~*~ (stealth).
 29405 | D:14     | 29405 ||| Stepping ~*~*~tactically~*~*~ (cloud).
 29428 | D:14     | 29428 ||| PLANNING ORC
 29428 | D:14     | 29428 ||| READING 13 scrolls of identify.
 29428 | D:14     | 29428 ||| IDENTIFYING dark potion
 29429 | D:14     | 29429 ||| DROPPING potion of magic.
 29580 | Orc:1    | Entered Level 1 of the Orcish Mines
 29642 | Orc:1    | 29642 ||| Stepping ~*~*~tactically~*~*~ (hiding).
 29647 | Orc:1    | 29647 ||| INVOKING Berserk.
 29775 | Orc:1    | 29775 ||| Stepping ~*~*~tactically~*~*~ (hiding).
 29784 | Orc:1    | 29784 ||| INVOKING Berserk.
 29791 | Orc:1    | Noticed Maurice
 29794 | Orc:1    | Noticed Harold
 29808 | Orc:1    | Killed Harold
 29832 | Orc:1    | Killed Maurice
 29896 | Orc:1    | Found a runed translucent door.
 30092 | Orc:2    | Entered Level 2 of the Orcish Mines
 30099 | Orc:2    | Found a staircase to the Elven Halls.
 30100 | Orc:2    | 30100 ||| Stepping ~*~*~tactically~*~*~ (hiding).
 30101 | Orc:2    | 30101 ||| Stepping ~*~*~tactically~*~*~ (hiding).
 30198 | Orc:2    | 30198 ||| INVOKING Trog's Hand.
 30201 | Orc:2    | 30201 ||| INVOKING Berserk.
 30411 | Orc:2    | 30411 ||| INVOKING Trog's Hand.
 30414 | Orc:2    | 30414 ||| INVOKING Berserk.
 30434 | Orc:2    | 30434 ||| Stepping ~*~*~tactically~*~*~ (stealth).
 30444 | Orc:2    | 30444 ||| FLEEEEING.
 30468 | Orc:2    | Found Keasch's Book Emporium.
 30491 | Orc:2    | Found a radiant altar of Vehumet.
 30491 | Orc:2    | Noticed Erolcha
 30492 | Orc:2    | 30492 ||| INVOKING Trog's Hand.
 30496 | Orc:2    | 30496 ||| INVOKING Berserk.
 30508 | Orc:2    | Killed Erolcha
 30511 | Orc:2    | 30511 ||| INVOKING Brothers in Arms.
 30517 | Orc:2    | 30517 ||| INVOKING Trog's Hand.
 30537 | Orc:2    | 30537 ||| INVOKING Trog's Hand.
 30538 | Orc:2    | 30538 ||| INVOKING Brothers in Arms.
 30659 | Orc:2    | 30659 ||| INVOKING Trog's Hand.
 30661 | Orc:2    | Found Etunn's Antique Armour Emporium.
 30661 | Orc:2    | Found Vyqir's Magic Scroll Shoppe.
 30691 | Orc:2    | 30691 ||| INVOKING Berserk.
 30808 | Orc:2    | 30808 ||| BUYING glowing chain mail (277 gold).
 30808 | Orc:2    | Bought a glowing chain mail for 277 gold pieces
 30808 | Orc:2    | 30808 ||| BUYING shiny chain mail (277 gold).
 30808 | Orc:2    | Bought a shiny chain mail for 277 gold pieces
 30822 | Orc:2    | 30822 ||| BUYING scroll of enchant armour (112 gold).
 30822 | Orc:2    | Bought a scroll of enchant armour for 112 gold pieces
 30822 | Orc:2    | 30822 ||| BUYING scroll of enchant weapon (112 gold).
 30822 | Orc:2    | Bought a scroll of enchant weapon for 112 gold pieces
 30822 | Orc:2    | 30822 ||| BUYING scroll of teleportation (45 gold).
 30822 | Orc:2    | Bought a scroll of teleportation for 45 gold pieces
 30822 | Orc:2    | 30822 ||| READING scroll of enchant armour.
 30822 | Orc:2    | 30822 ||| ENCHANTING +0 pair of gloves.
 30823 | Orc:2    | 30823 ||| READING scroll of enchant weapon.
 30823 | Orc:2    | 30823 ||| ENCHANTING +3 vampiric war axe.
 30834 | Orc:2    | Found an ancient bone altar of Kikubaaqudgha.
 30856 | Orc:2    | Found Giasoog's Distillery.
 30863 | Orc:2    | 30863 ||| BUYING potion of cancellation (96 gold).
 30863 | Orc:2    | Bought a potion of cancellation for 96 gold pieces
 30863 | Orc:2    | 30863 ||| BUYING potion of curing (36 gold).
 30863 | Orc:2    | Bought a potion of curing for 36 gold pieces
 30863 | Orc:2    | 30863 ||| BUYING potion of curing (36 gold).
 30863 | Orc:2    | Bought a potion of curing for 36 gold pieces
 30863 | Orc:2    | 30863 ||| BUYING potion of curing (36 gold).
 30863 | Orc:2    | Bought a potion of curing for 36 gold pieces
 30863 | Orc:2    | 30863 ||| BUYING potion of heal wounds (60 gold).
 30863 | Orc:2    | Bought a potion of heal wounds for 60 gold pieces
 30863 | Orc:2    | 30863 ||| BUYING potion of heal wounds (60 gold).
 30863 | Orc:2    | Bought a potion of heal wounds for 60 gold pieces
 30977 | Orc:2    | 30977 ||| INVOKING Trog's Hand.
 30983 | Orc:2    | 30983 ||| INVOKING Berserk.
 31302 | Orc:2    | 31302 ||| PLANNING SWAMP:1-3
 31302 | Orc:2    | 31302 ||| UPGRADING to +2 chain mail of poison resistance.
 31312 | Orc:2    | 31312 ||| DROPPING +0 chain mail of cold resistance.
 31510 | Swamp:1  | Entered Level 1 of the Swamp
 31556 | Swamp:1  | 31556 ||| INVOKING Berserk.
 31597 | Swamp:1  | 31597 ||| INVOKING Brothers in Arms.
 31714 | Swamp:1  | 31714 ||| INVOKING Berserk.
 31772 | Swamp:1  | 31772 ||| Stepping ~*~*~tactically~*~*~ (hiding).
 31774 | Swamp:1  | 31774 ||| Stepping ~*~*~tactically~*~*~ (hiding).
 31902 | Swamp:1  | 31902 ||| Stepping ~*~*~tactically~*~*~ (hiding).
 32067 | Swamp:1  | 32067 ||| SWAPPING to +4 war axe of flaming.
 32068 | Swamp:1  | 32068 ||| Stepping ~*~*~tactically~*~*~ (water).
 32071 | Swamp:1  | 32071 ||| SWAPPING to +4 vampiric war axe.
 32125 | Swamp:1  | Reached skill level 6 in Throwing
 32327 | Swamp:1  | 32327 ||| READING 13 scrolls of identify.
 32327 | Swamp:1  | 32327 ||| IDENTIFYING smoky coppery potion
 32328 | Swamp:1  | 32328 ||| DROPPING potion of invisibility.
 32366 | Swamp:2  | 32366 ||| INVOKING Berserk.
 32436 | Swamp:2  | 32436 ||| FLEEEEING.
 32438 | Swamp:2  | 32438 ||| FLEEEEING.
 32490 | Swamp:2  | 32490 ||| Stepping ~*~*~tactically~*~*~ (water).
 32616 | Swamp:2  | 32616 ||| Stepping ~*~*~tactically~*~*~ (water).
 32941 | Swamp:3  | 32941 ||| Stepping ~*~*~tactically~*~*~ (stealth).
 32944 | Swamp:3  | 32944 ||| Stepping ~*~*~tactically~*~*~ (water).
 32945 | Swamp:3  | 32945 ||| INVOKING Berserk.
 32964 | Swamp:3  | 32964 ||| INVOKING Brothers in Arms.
 32970 | Swamp:3  | 32970 ||| Stepping ~*~*~tactically~*~*~ (water).
 33219 | Swamp:3  | Reached XP level 17. HP: 152/171 MP: 16/16
 33344 | Swamp:3  | 33344 ||| SWAPPING to +4 war axe of flaming.
 33348 | Swamp:3  | 33348 ||| SWAPPING to +4 vampiric war axe.
 33357 | Swamp:3  | 33357 ||| SWAPPING to +4 war axe of flaming.
 33358 | Swamp:3  | 33358 ||| Stepping ~*~*~tactically~*~*~ (water).
 33363 | Swamp:3  | 33363 ||| SWAPPING to +4 vampiric war axe.
 33415 | Swamp:3  | Identified the +0 chain mail of Zealous the Leaf {Str+4}
 33426 | Swamp:3  | 33426 ||| Stepping ~*~*~tactically~*~*~ (stealth).
 33427 | Swamp:3  | 33427 ||| INVOKING Trog's Hand.
 33428 | Swamp:3  | 33428 ||| INVOKING Berserk.
 33782 | Swamp:3  | Noticed a tentacled monstrosity
 33783 | Swamp:3  | 33783 ||| Stepping ~*~*~tactically~*~*~ (hiding).
 33786 | Swamp:3  | 33786 ||| Stepping ~*~*~tactically~*~*~ (hiding).
 33811 | Swamp:3  | 33811 ||| INVOKING Brothers in Arms.
 33812 | Swamp:3  | 33812 ||| INVOKING Brothers in Arms.
 33813 | Swamp:3  | 33813 ||| Stepping ~*~*~tactically~*~*~ (water).
 33814 | Swamp:3  | 33814 ||| INVOKING Berserk.
 33821 | Swamp:3  | Killed a tentacled monstrosity
 33994 | Swamp:3  | Found an iron altar of Okawaru.
 34054 | Swamp:3  | 34054 ||| Stepping ~*~*~tactically~*~*~ (hiding).
 34057 | Swamp:3  | 34057 ||| Stepping ~*~*~tactically~*~*~ (water).
 34058 | Swamp:3  | 34058 ||| INVOKING Berserk.
 34206 | Swamp:3  | 34206 ||| INVOKING Brothers in Arms.
 34221 | Swamp:3  | 34221 ||| INVOKING Berserk.
 34332 | Swamp:3  | 34332 ||| PLANNING SNAKE:1-3
 34332 | Swamp:3  | 34332 ||| DROPPING +0 chain mail of Zealous the Leaf
                  | {Str+4}.
 34333 | Swamp:3  | 34333 ||| DROPPING +6 ring of intelligence.
 34453 | Snake:1  | Entered Level 1 of the Snake Pit
 34485 | Snake:1  | 34485 ||| INVOKING Berserk.
 34494 | Snake:1  | Noticed Aizul
 34498 | Snake:1  | 34498 ||| INVOKING Trog's Hand.
 34515 | Snake:1  | 34515 ||| INVOKING Trog's Hand.
 34523 | Snake:1  | Killed Aizul
 34763 | Snake:1  | 34763 ||| Stepping ~*~*~tactically~*~*~ (stealth).
 34769 | Snake:1  | Reached skill level 9 in Throwing
 34769 | Snake:1  | 34769 ||| Stepping ~*~*~tactically~*~*~ (hiding).
 34901 | Snake:1  | Reached skill level 15 in Armour
 34951 | Snake:1  | 34951 ||| Stepping ~*~*~tactically~*~*~ (stealth).
 34955 | Snake:1  | 34955 ||| Stepping ~*~*~tactically~*~*~ (stealth).
 34957 | Snake:1  | 34957 ||| Stepping ~*~*~tactically~*~*~ (hiding).
 34967 | Snake:1  | 34967 ||| Stepping ~*~*~tactically~*~*~ (stealth).
 35016 | Snake:1  | 35016 ||| Stepping ~*~*~tactically~*~*~ (stealth).
 35018 | Snake:1  | 35018 ||| Stepping ~*~*~tactically~*~*~ (stealth).
 35034 | Snake:1  | 35034 ||| Stepping ~*~*~tactically~*~*~ (hiding).
 35073 | Snake:1  | 35073 ||| Stepping ~*~*~tactically~*~*~ (hiding).
 35074 | Snake:1  | 35074 ||| Stepping ~*~*~tactically~*~*~ (hiding).
 35076 | Snake:1  | 35076 ||| Stepping ~*~*~tactically~*~*~ (hiding).
 35438 | Snake:2  | 35438 ||| Stepping ~*~*~tactically~*~*~ (hiding).
 35439 | Snake:2  | 35439 ||| Stepping ~*~*~tactically~*~*~ (hiding).
 35450 | Snake:2  | 35450 ||| INVOKING Berserk.
 35454 | Snake:2  | Found Xooxiorchour's Magic Scroll Shoppe.
 35575 | Snake:2  | 35575 ||| BUYING scroll of brand weapon (123 gold).
 35575 | Snake:2  | Bought a scroll of brand weapon for 123 gold pieces
 35648 | Snake:2  | Found Cuapsin's General Store.
 35649 | Snake:2  | 35649 ||| Stepping ~*~*~tactically~*~*~ (stealth).
 35651 | Snake:2  | 35651 ||| Stepping ~*~*~tactically~*~*~ (hiding).
 35659 | Snake:2  | Noticed Agnes
 35660 | Snake:2  | 35660 ||| Stepping ~*~*~tactically~*~*~ (hiding).
 35666 | Snake:2  | 35666 ||| INVOKING Berserk.
 35683 | Snake:2  | Killed Agnes
 35809 | Snake:2  | 35809 ||| BUYING potion of might (64 gold).
 35809 | Snake:2  | Bought a potion of might for 64 gold pieces
 35830 | Snake:2  | Found Girghio's Jewellery Emporium.
 35838 | Snake:2  | 35838 ||| BUYING +4 ring of evasion (540 gold).
 35838 | Snake:2  | Bought a +4 ring of evasion for 540 gold pieces
 35838 | Snake:2  | 35838 ||| SHOPLISTING ring of fire (375 gold, have 366).
 35894 | Snake:2  | 35894 ||| Stepping ~*~*~tactically~*~*~ (hiding).
 35899 | Snake:2  | Found Weishik's Assorted Antiques.
 35914 | Snake:2  | 35914 ||| BUYING potion of haste (300 gold).
 35914 | Snake:2  | Bought a potion of haste for 300 gold pieces
 35914 | Snake:2  | 35914 ||| BUYING scroll labelled TIENKA SOIMY (30 gold).
 35914 | Snake:2  | Bought a scroll labelled TIENKA SOIMY for 30 gold pieces
 35914 | Snake:2  | 35914 ||| SHOPLISTING scroll of teleportation (90 gold,
                  | have 56).
 35943 | Snake:2  | 35943 ||| Stepping ~*~*~tactically~*~*~ (stealth).
 36011 | Snake:2  | Found Pazing's Armour Emporium.
 36019 | Snake:2  | 36019 ||| SHOPLISTING +7 chain mail "Pest" {-Cast +Inv
                  | rPois Regen+} (507 gold, have 56).
 36045 | Snake:2  | 36045 ||| Stepping ~*~*~tactically~*~*~ (hiding).
 36046 | Snake:2  | 36046 ||| Stepping ~*~*~tactically~*~*~ (hiding).
 36151 | Snake:2  | 36151 ||| Stepping ~*~*~tactically~*~*~ (hiding).
 36376 | Snake:2  | 36376 ||| FLEEEEING.
 36377 | Snake:2  | 36377 ||| FLEEEEING.
 36378 | Snake:2  | 36378 ||| FLEEEEING.
 36379 | Snake:2  | 36379 ||| FLEEEEING.
 36393 | Snake:2  | 36393 ||| FLEEEEING.
 36394 | Snake:2  | 36394 ||| FLEEEEING.
 36412 | Snake:2  | 36412 ||| Stepping ~*~*~tactically~*~*~ (hiding).
 36415 | Snake:2  | 36415 ||| INVOKING Berserk.
 36612 | Snake:2  | 36612 ||| UPGRADING to +4 ring of evasion.
 36614 | Snake:2  | 36614 ||| DROPPING +6 ring of strength.
 36615 | Snake:2  | 36615 ||| READING scroll labelled TIENKA SOIMY.
 36615 | Snake:2  | 36615 ||| ACQUIRING +8 mithril axe "Arga" {speed, Will+}
 36615 | Snake:2  | Acquired the +8 mithril axe "Arga" {speed, Will+}
 36615 | Snake:2  | Found the +8 mithril axe "Arga" {speed, Will+}
 36617 | Snake:2  | 36617 ||| SWAPPING to +8 mithril axe "Arga" {speed, Will+}.
 36618 | Snake:2  | 36618 ||| DROPPING +4 vampiric war axe.
 36872 | Snake:3  | 36872 ||| READING scroll of enchant armour.
 36872 | Snake:3  | 36872 ||| ENCHANTING +1 pair of gloves.
 36968 | Snake:3  | 36968 ||| Stepping ~*~*~tactically~*~*~ (stealth).
 36970 | Snake:3  | 36970 ||| Stepping ~*~*~tactically~*~*~ (hiding).
 37045 | Snake:3  | 37045 ||| Stepping ~*~*~tactically~*~*~ (hiding).
 37085 | Snake:3  | 37085 ||| INVOKING Berserk.
 37268 | Snake:3  | 37268 ||| INVOKING Berserk.
 37941 | Snake:3  | 37941 ||| INVOKING Berserk.
 37946 | Snake:3  | Identified the +5 executioner's axe of Basiev {vorpal,
                  | Will+} (Trog gifted it to you on level 3 of the Snake Pit)
 37946 | Snake:3  | Received a gift from Trog
 38090 | Snake:3  | 38090 ||| PLANNING SWAMP:4
 38249 | Swamp:4  | Entered Level 4 of the Swamp
 38251 | Swamp:4  | 38251 ||| SWAPPING to +4 war axe of flaming.
 38256 | Swamp:4  | 38256 ||| Stepping ~*~*~tactically~*~*~ (water).
 38264 | Swamp:4  | 38264 ||| SWAPPING to +8 mithril axe "Arga" {speed, Will+}.
 38265 | Swamp:4  | 38265 ||| SWAPPING to +4 war axe of flaming.
 38270 | Swamp:4  | 38270 ||| Stepping ~*~*~tactically~*~*~ (hiding).
 38276 | Swamp:4  | 38276 ||| SWAPPING to +8 mithril axe "Arga" {speed, Will+}.
 38286 | Swamp:4  | Reached XP level 18. HP: 137/180 MP: 17/17
 38297 | Swamp:4  | 38297 ||| INVOKING Berserk.
 38325 | Swamp:4  | 38325 ||| INVOKING Brothers in Arms.
 38335 | Swamp:4  | HP: 44/180 [acid[a spriggan druid] (9)]
 38336 | Swamp:4  | 38336 ||| READING 5 scrolls of teleportation.
 38337 | Swamp:4  | 38337 ||| DRINKING 4 potions of heal wounds.
 38349 | Swamp:4  | HP: 42/180 [spriggan druid/angry trees (10)]
 38350 | Swamp:4  | 38350 ||| READING 4 scrolls of teleportation.
 38351 | Swamp:4  | 38351 ||| DRINKING 3 potions of heal wounds.
 38352 | Swamp:4  | 38352 ||| DRINKING 2 potions of heal wounds.
 38353 | Swamp:4  | 38353 ||| DRINKING potion of heal wounds.
 38356 | Swamp:4  | Reached skill level 18 in Axes
 38361 | Swamp:4  | 38361 ||| INVOKING Berserk.
 38373 | Swamp:4  | 38373 ||| Stepping ~*~*~tactically~*~*~ (hiding).
 38375 | Swamp:4  | 38375 ||| INVOKING Brothers in Arms.
 38418 | Swamp:4  | 38418 ||| INVOKING Berserk.
 38457 | Swamp:4  | 38457 ||| FLEEEEING.
 38458 | Swamp:4  | 38458 ||| FLEEEEING.
 38459 | Swamp:4  | 38459 ||| FLEEEEING.
 38460 | Swamp:4  | 38460 ||| INVOKING Brothers in Arms.
 38695 | Swamp:4  | 38695 ||| DROPPING +4 war axe of flaming.
 38781 | Swamp:4  | 38781 ||| Stepping ~*~*~tactically~*~*~ (water).
 38800 | Swamp:4  | 38800 ||| FLEEEEING.
 38906 | Swamp:4  | 38906 ||| Stepping ~*~*~tactically~*~*~ (water).
 38907 | Swamp:4  | 38907 ||| INVOKING Berserk.
 38935 | Swamp:4  | Reached skill level 21 in Fighting
 38960 | Swamp:4  | Reached skill level 18 in Shields
 39297 | Swamp:4  | Got a decaying rune of Zot
 39441 | Swamp:4  | 39441 ||| PLANNING VAULTS:1-4
 39639 | Vaults:1 | Entered Level 1 of the Vaults
 39653 | Vaults:1 | 39653 ||| INVOKING Trog's Hand.
 39675 | Vaults:1 | 39675 ||| INVOKING Trog's Hand.
 39761 | Vaults:1 | 39761 ||| Stepping ~*~*~tactically~*~*~ (stealth).
 39763 | Vaults:1 | 39763 ||| Stepping ~*~*~tactically~*~*~ (stealth).
 39766 | Vaults:1 | 39766 ||| Stepping ~*~*~tactically~*~*~ (stealth).
 39906 | Vaults:1 | 39906 ||| Stepping ~*~*~tactically~*~*~ (stealth).
 39908 | Vaults:1 | 39908 ||| INVOKING Trog's Hand.
 39915 | Vaults:1 | Reached skill level 18 in Armour
 40084 | Vaults:1 | 40084 ||| Stepping ~*~*~tactically~*~*~ (stealth).
 40085 | Vaults:1 | 40085 ||| Stepping ~*~*~tactically~*~*~ (stealth).
 40179 | Vaults:1 | 40179 ||| INVOKING Berserk.
 40295 | Vaults:1 | 40295 ||| INVOKING Trog's Hand.
 40313 | Vaults:1 | 40313 ||| Stepping ~*~*~tactically~*~*~ (stealth).
 40320 | Vaults:1 | 40320 ||| Stepping ~*~*~tactically~*~*~ (hiding).
 40332 | Vaults:1 | 40332 ||| INVOKING Trog's Hand.
 40395 | Vaults:1 | 40395 ||| Stepping ~*~*~tactically~*~*~ (hiding).
 40656 | Vaults:1 | 40656 ||| Stepping ~*~*~tactically~*~*~ (hiding).
 40902 | Vaults:1 | Reached skill level 22 in Fighting
 41317 | Vaults:1 | 41317 ||| DROPPING +0 tower shield.
 41318 | Vaults:1 | 41318 ||| DROPPING +1 kite shield of protection.
 41348 | Vaults:2 | 41348 ||| PLANNING WIZLAB
 41354 | Vaults:2 | 41354 ||| Stepping ~*~*~tactically~*~*~ (stealth).
 41355 | Vaults:2 | 41355 ||| Stepping ~*~*~tactically~*~*~ (stealth).
 41415 | Vaults:2 | 41415 ||| FLEEEEING.
 41416 | Vaults:2 | 41416 ||| FLEEEEING.
 41417 | Vaults:2 | 41417 ||| FLEEEEING.
 41418 | Vaults:2 | 41418 ||| FLEEEEING.
 41419 | Vaults:2 | 41419 ||| STAIRDANCE
 41572 | Vaults:2 | 41572 ||| Stepping ~*~*~tactically~*~*~ (hiding).
 41574 | Vaults:2 | 41574 ||| Stepping ~*~*~tactically~*~*~ (hiding).
 41595 | Vaults:2 | 41595 ||| Stepping ~*~*~tactically~*~*~ (hiding).
 41663 | Vaults:2 | Found a magical portal.
 41673 | WizLab   | Entered Tukima's Studio
 41717 | WizLab   | Noticed a walking crystal tome
 41729 | WizLab   | 41729 ||| INVOKING Berserk.
 41735 | WizLab   | Killed a walking crystal tome
 41738 | WizLab   | Reached XP level 19. HP: 124/193 MP: 18/18
 41990 | WizLab   | 41990 ||| READING 4 scrolls of teleportation.
 42000 | WizLab   | 42000 ||| UPGRADING to +2 pair of boots of rampaging.
 42051 | WizLab   | 42051 ||| UPGRADING to +2 pair of boots of rampaging.
 42061 | WizLab   | 42061 ||| DROPPING +0 pair of boots.
 42063 | WizLab   | Noticed qw's illusion
 42065 | WizLab   | 42065 ||| INVOKING Berserk.
 42105 | WizLab   | Noticed qw's illusion
 42110 | WizLab   | 42110 ||| INVOKING Brothers in Arms.
 42434 | WizLab   | 42434 ||| DROPPING +2 pair of gloves of stealth.
 42436 | WizLab   | Identified the +1 hat of the Sun {rPois rC+}
 42438 | WizLab   | 42438 ||| UPGRADING to +1 hat of the Sun {rPois rC+}.
 42443 | WizLab   | 42443 ||| UPGRADING to +0 plate armour.
 42453 | WizLab   | 42453 ||| UPGRADING to +10 ring mail "Gaffask" {rF+ rC-
                  | Dex+2}.
 42463 | WizLab   | 42463 ||| UPGRADING to +2 tower shield.
 42487 | WizLab   | 42487 ||| READING 3 scrolls of teleportation.
 42539 | Vaults:2 | 42539 ||| PLANNING VAULTS:1-4
 42636 | Vaults:2 | 42636 ||| Stepping ~*~*~tactically~*~*~ (hiding).
 42778 | Vaults:2 | Received a gift from Trog
 42808 | Vaults:2 | 42808 ||| Stepping ~*~*~tactically~*~*~ (hiding).
 42815 | Vaults:2 | 42815 ||| Stepping ~*~*~tactically~*~*~ (stealth).
 42827 | Vaults:2 | 42827 ||| INVOKING Trog's Hand.
 42875 | Vaults:2 | 42875 ||| Stepping ~*~*~tactically~*~*~ (stealth).
 42876 | Vaults:2 | 42876 ||| Stepping ~*~*~tactically~*~*~ (stealth).
 42878 | Vaults:2 | 42878 ||| Stepping ~*~*~tactically~*~*~ (stealth).
 42879 | Vaults:2 | 42879 ||| Stepping ~*~*~tactically~*~*~ (stealth).
 42882 | Vaults:2 | 42882 ||| Stepping ~*~*~tactically~*~*~ (stealth).
 42884 | Vaults:2 | 42884 ||| Stepping ~*~*~tactically~*~*~ (stealth).
 42886 | Vaults:2 | 42886 ||| Stepping ~*~*~tactically~*~*~ (hiding).
 43080 | Vaults:2 | 43080 ||| INVOKING Brothers in Arms.
 43081 | Vaults:2 | 43081 ||| INVOKING Berserk.
 43259 | Vaults:2 | Found Laset Ega's General Store.
 43264 | Vaults:2 | 43264 ||| BUYING 2 potions of resistance (260 gold).
 43264 | Vaults:2 | Bought 2 potions of resistance for 260 gold pieces
 43264 | Vaults:2 | 43264 ||| BUYING potion of curing (39 gold).
 43264 | Vaults:2 | Bought a potion of curing for 39 gold pieces
 43264 | Vaults:2 | 43264 ||| BUYING potion of heal wounds (65 gold).
 43264 | Vaults:2 | Bought a potion of heal wounds for 65 gold pieces
 43264 | Vaults:2 | 43264 ||| BUYING scroll of enchant weapon (97 gold).
 43264 | Vaults:2 | Bought a scroll of enchant weapon for 97 gold pieces
 43428 | Vaults:2 | 43428 ||| Stepping ~*~*~tactically~*~*~ (hiding).
 43472 | Vaults:2 | 43472 ||| Stepping ~*~*~tactically~*~*~ (hiding).
 43521 | Vaults:2 | 43521 ||| FLEEEEING.
 43522 | Vaults:2 | 43522 ||| FLEEEEING.
 43718 | Vaults:3 | 43718 ||| Stepping ~*~*~tactically~*~*~ (hiding).
 43725 | Vaults:3 | 43725 ||| INVOKING Brothers in Arms.
 43726 | Vaults:3 | 43726 ||| INVOKING Berserk.
 43925 | Vaults:3 | Found a staircase to the Crypt.
 43925 | Vaults:3 | Found an ancient bone altar of Kikubaaqudgha.
 43926 | Vaults:3 | 43926 ||| INVOKING Brothers in Arms.
 43927 | Vaults:3 | 43927 ||| INVOKING Berserk.
 43928 | Vaults:3 | Found a basalt altar of Yredelemnul.
 44063 | Vaults:3 | 44063 ||| Stepping ~*~*~tactically~*~*~ (hiding).
 44066 | Vaults:3 | 44066 ||| Stepping ~*~*~tactically~*~*~ (hiding).
 44144 | Vaults:3 | 44144 ||| INVOKING Trog's Hand.
 44147 | Vaults:3 | 44147 ||| INVOKING Berserk.
 44203 | Vaults:3 | Reached skill level 21 in Shields
 44392 | Vaults:3 | 44392 ||| Stepping ~*~*~tactically~*~*~ (stealth).
 44521 | Vaults:3 | Found Tynlig's Assorted Antiques.
 44530 | Vaults:3 | 44530 ||| INVOKING Trog's Hand.
 44557 | Vaults:3 | 44557 ||| INVOKING Berserk.
 44656 | Vaults:3 | 44656 ||| SHOPLISTING scroll of acquirement (1248 gold,
                  | have 275).
 44656 | Vaults:3 | 44656 ||| BUYING scroll of enchant weapon (180 gold).
 44656 | Vaults:3 | Bought a scroll of enchant weapon for 180 gold pieces
 44902 | Vaults:3 | 44902 ||| Stepping ~*~*~tactically~*~*~ (stealth).
 44931 | Vaults:3 | 44931 ||| Stepping ~*~*~tactically~*~*~ (hiding).
 44935 | Vaults:3 | 44935 ||| Stepping ~*~*~tactically~*~*~ (stealth).
 44940 | Vaults:3 | 44940 ||| Stepping ~*~*~tactically~*~*~ (hiding).
 45005 | Vaults:3 | 45005 ||| Stepping ~*~*~tactically~*~*~ (hiding).
 45015 | Vaults:3 | 45015 ||| Stepping ~*~*~tactically~*~*~ (stealth).
 45019 | Vaults:3 | 45019 ||| Stepping ~*~*~tactically~*~*~ (stealth).
 45020 | Vaults:3 | 45020 ||| Stepping ~*~*~tactically~*~*~ (hiding).
 45025 | Vaults:3 | 45025 ||| Stepping ~*~*~tactically~*~*~ (hiding).
 45029 | Vaults:3 | 45029 ||| Stepping ~*~*~tactically~*~*~ (hiding).
 45030 | Vaults:3 | 45030 ||| Stepping ~*~*~tactically~*~*~ (hiding).
 45031 | Vaults:3 | 45031 ||| Stepping ~*~*~tactically~*~*~ (hiding).
 45032 | Vaults:3 | 45032 ||| Stepping ~*~*~tactically~*~*~ (hiding).
 45230 | Vaults:3 | 45230 ||| INVOKING Berserk.
 45414 | Vaults:3 | 45414 ||| DROPPING ring of magical power.
 45700 | Vaults:4 | Reached skill level 23 in Fighting
 45701 | Vaults:4 | 45701 ||| Stepping ~*~*~tactically~*~*~ (hiding).
 45707 | Vaults:4 | 45707 ||| INVOKING Brothers in Arms.
 45709 | Vaults:4 | 45709 ||| Stepping ~*~*~tactically~*~*~ (hiding).
 45713 | Vaults:4 | 45713 ||| INVOKING Brothers in Arms.
 45714 | Vaults:4 | 45714 ||| INVOKING Brothers in Arms.
 45722 | Vaults:4 | 45722 ||| INVOKING Trog's Hand.
 45760 | Vaults:4 | 45760 ||| INVOKING Trog's Hand.
 45832 | Vaults:4 | Reached XP level 20. HP: 203/203 MP: 19/19
 45929 | Vaults:4 | 45929 ||| Stepping ~*~*~tactically~*~*~ (stealth).
 45945 | Vaults:4 | Received a gift from Trog
 45986 | Vaults:4 | 45986 ||| FLEEEEING.
 45990 | Vaults:4 | Identified the +2 kite shield "Niehuly" {Contam Harm
                  | Rampage Will+}
 45990 | Vaults:4 | Noticed Donald
 45991 | Vaults:4 | 45991 ||| Stepping ~*~*~tactically~*~*~ (hiding).
 46003 | Vaults:4 | Killed Donald
 46207 | Vaults:4 | Found Gytere's Antique Weapon Shop.
 46284 | Vaults:4 | 46284 ||| READING 4 scrolls of teleportation.
 46284 | Vaults:4 | Noticed a bone dragon
 46285 | Vaults:4 | 46285 ||| Stepping ~*~*~tactically~*~*~ (hiding).
 46286 | Vaults:4 | 46286 ||| Stepping ~*~*~tactically~*~*~ (hiding).
 46417 | Vaults:4 | Killed a bone dragon
 46509 | Vaults:4 | 46509 ||| READING 3 scrolls of teleportation.
 46525 | Vaults:4 | 46525 ||| INVOKING Trog's Hand.
 46642 | Vaults:4 | 46642 ||| INVOKING Trog's Hand.
 46661 | Vaults:4 | 46661 ||| READING scroll of acquirement.
 46661 | Vaults:4 | 46661 ||| ACQUIRING ring "Xiuneum" {*Corrode rPois Int+5
                  | SInv}
 46661 | Vaults:4 | Acquired the ring "Xiuneum" {*Corrode rPois Int+5 SInv}
 46806 | Vaults:4 | 46806 ||| FLEEEEING.
 46807 | Vaults:4 | 46807 ||| FLEEEEING.
 46808 | Vaults:4 | 46808 ||| FLEEEEING.
 46809 | Vaults:4 | 46809 ||| FLEEEEING.
 46810 | Vaults:4 | 46810 ||| FLEEEEING.
 46811 | Vaults:4 | 46811 ||| FLEEEEING.
 46812 | Vaults:4 | 46812 ||| FLEEEEING.
 46818 | Vaults:4 | 46818 ||| FLEEEEING.
 46819 | Vaults:4 | 46819 ||| FLEEEEING.
 46820 | Vaults:4 | 46820 ||| FLEEEEING.
 46821 | Vaults:4 | 46821 ||| FLEEEEING.
 46822 | Vaults:4 | 46822 ||| FLEEEEING.
 46823 | Vaults:4 | 46823 ||| FLEEEEING.
 46824 | Vaults:4 | 46824 ||| FLEEEEING.
 46825 | Vaults:4 | 46825 ||| FLEEEEING.
 46826 | Vaults:4 | 46826 ||| FLEEEEING.
 46831 | Vaults:4 | 46831 ||| FLEEEEING.
 46832 | Vaults:4 | 46832 ||| FLEEEEING.
 46833 | Vaults:4 | 46833 ||| FLEEEEING.
 46834 | Vaults:4 | 46834 ||| FLEEEEING.
 46835 | Vaults:4 | 46835 ||| FLEEEEING.
 46836 | Vaults:4 | 46836 ||| FLEEEEING.
 46838 | Vaults:4 | 46838 ||| FLEEEEING.
 46839 | Vaults:4 | 46839 ||| FLEEEEING.
 46841 | Vaults:4 | 46841 ||| FLEEEEING.
 46842 | Vaults:4 | 46842 ||| FLEEEEING.
 46843 | Vaults:4 | 46843 ||| FLEEEEING.
 46844 | Vaults:4 | 46844 ||| FLEEEEING.
 46845 | Vaults:4 | 46845 ||| STAIRDANCE
 47063 | Vaults:4 | 47063 ||| STAIRDANCE
 47205 | Vaults:4 | 47205 ||| INVOKING Brothers in Arms.
 47209 | Vaults:4 | 47209 ||| INVOKING Berserk.
 47226 | Vaults:4 | 47226 ||| INVOKING Brothers in Arms.
 47231 | Vaults:4 | 47231 ||| Stepping ~*~*~tactically~*~*~ (cloud).
 47237 | Vaults:4 | 47237 ||| Stepping ~*~*~tactically~*~*~ (cloud).
 47240 | Vaults:4 | 47240 ||| Stepping randomly (cloudy).
 47243 | Vaults:4 | 47243 ||| INVOKING Brothers in Arms.
 47246 | Vaults:4 | 47246 ||| Stepping randomly (cloudy).
 47247 | Vaults:4 | 47247 ||| INVOKING Brothers in Arms.
 47250 | Vaults:4 | 47250 ||| Stepping ~*~*~tactically~*~*~ (cloud).
 47251 | Vaults:4 | 47251 ||| INVOKING Brothers in Arms.
 47269 | Vaults:4 | 47269 ||| Stepping randomly (cloudy).
 47270 | Vaults:4 | 47270 ||| Stepping ~*~*~tactically~*~*~ (cloud).
 47703 | Vaults:4 | 47703 ||| READING 2 scrolls of teleportation.
 47760 | Vaults:4 | 47760 ||| READING scroll of teleportation.
 47781 | Vaults:4 | 47781 ||| Stepping ~*~*~tactically~*~*~ (cloud).
 47848 | Vaults:4 | 47848 ||| PLANNING SNAKE:4
 48197 | Snake:4  | Entered Level 4 of the Snake Pit
 48284 | Snake:4  | 48284 ||| Stepping ~*~*~tactically~*~*~ (hiding).
 48285 | Snake:4  | 48285 ||| Stepping ~*~*~tactically~*~*~ (hiding).
 48296 | Snake:4  | Reached skill level 24 in Fighting
 48325 | Snake:4  | 48325 ||| Stepping ~*~*~tactically~*~*~ (stealth).
 48327 | Snake:4  | 48327 ||| Stepping ~*~*~tactically~*~*~ (stealth).
 48328 | Snake:4  | 48328 ||| Stepping ~*~*~tactically~*~*~ (stealth).
 48332 | Snake:4  | 48332 ||| Stepping ~*~*~tactically~*~*~ (stealth).
 48546 | Snake:4  | 48546 ||| Stepping ~*~*~tactically~*~*~ (hiding).
 48563 | Snake:4  | 48563 ||| Stepping ~*~*~tactically~*~*~ (hiding).
 48568 | Snake:4  | 48568 ||| Stepping ~*~*~tactically~*~*~ (stealth).
 48858 | Snake:4  | Got a serpentine rune of Zot
 48904 | Snake:4  | Noticed Louise
 48905 | Snake:4  | 48905 ||| Stepping ~*~*~tactically~*~*~ (hiding).
 48907 | Snake:4  | 48907 ||| INVOKING Trog's Hand.
 48914 | Snake:4  | 48914 ||| Stepping ~*~*~tactically~*~*~ (hiding).
 48915 | Snake:4  | 48915 ||| Stepping ~*~*~tactically~*~*~ (hiding).
 48947 | Snake:4  | 48947 ||| Stepping ~*~*~tactically~*~*~ (hiding).
 48948 | Snake:4  | 48948 ||| INVOKING Trog's Hand.
 48954 | Snake:4  | Killed Louise
 49224 | Snake:4  | Found Waasor's Book Emporium.
 49231 | Snake:4  | Found Cism's Assorted Antiques.
 49239 | Snake:4  | 49239 ||| BUYING potion of curing (54 gold).
 49239 | Snake:4  | Bought a potion of curing for 54 gold pieces
 49239 | Snake:4  | 49239 ||| BUYING potion of heal wounds (90 gold).
 49239 | Snake:4  | Bought a potion of heal wounds for 90 gold pieces
 49239 | Snake:4  | 49239 ||| BUYING potion of heal wounds (90 gold).
 49239 | Snake:4  | Bought a potion of heal wounds for 90 gold pieces
 49239 | Snake:4  | 49239 ||| BUYING potion of might (72 gold).
 49239 | Snake:4  | Bought a potion of might for 72 gold pieces
 49310 | Snake:4  | 49310 ||| Stepping ~*~*~tactically~*~*~ (stealth).
 49311 | Snake:4  | 49311 ||| Stepping ~*~*~tactically~*~*~ (stealth).
 49338 | Snake:4  | 49338 ||| Stepping ~*~*~tactically~*~*~ (hiding).
 49563 | Snake:4  | Reached skill level 25 in Fighting
 49737 | Snake:4  | 49737 ||| PLANNING DEPTHS
 49737 | Snake:4  | 49737 ||| UPGRADING to +2 tower shield of resistance.
 49747 | Snake:4  | 49747 ||| DROPPING +2 shield of Resistance {rF++ rC++
                  | Will++}.
 49748 | Snake:4  | 49748 ||| DROPPING +2 chain mail of poison resistance.
 49749 | Snake:4  | 49749 ||| DROPPING +2 tower shield.
 49750 | Snake:4  | 49750 ||| DROPPING ring "Xiuneum" {*Corrode rPois Int+5
                  | SInv}.
 50033 | Depths:1 | Entered Level 1 of the Depths
 50035 | Depths:1 | 50035 ||| INVOKING Brothers in Arms.
 50044 | Depths:1 | 50044 ||| INVOKING Berserk.
 50056 | Depths:1 | Found a one-way gateway to a ziggurat.
 50326 | Depths:1 | Found a white marble altar of Elyvilon.
 50376 | Depths:1 | 50376 ||| Stepping ~*~*~tactically~*~*~ (hiding).
 50393 | Depths:1 | 50393 ||| INVOKING Brothers in Arms.
 50394 | Depths:1 | 50394 ||| INVOKING Berserk.
 50542 | Depths:1 | 50542 ||| Stepping ~*~*~tactically~*~*~ (stealth).
 50543 | Depths:1 | 50543 ||| Stepping ~*~*~tactically~*~*~ (hiding).
 50545 | Depths:1 | 50545 ||| INVOKING Berserk.
 50648 | Depths:1 | 50648 ||| Stepping ~*~*~tactically~*~*~ (stealth).
 50741 | Depths:1 | 50741 ||| Stepping ~*~*~tactically~*~*~ (hiding).
 50778 | Depths:1 | Reached XP level 21. HP: 215/217 MP: 20/20
 51202 | Depths:1 | Found a gateway to Hell.
 51435 | Depths:1 | 51435 ||| Stepping randomly (cloudy).
 51436 | Depths:1 | 51436 ||| Stepping randomly (cloudy).
 51437 | Depths:1 | 51437 ||| Stepping randomly (cloudy).
 51440 | Depths:1 | 51440 ||| Stepping randomly (cloudy).
 51441 | Depths:1 | 51441 ||| Stepping randomly (cloudy).
 51442 | Depths:1 | 51442 ||| Stepping randomly (cloudy).
 51538 | Depths:1 | Received a gift from Trog
 51573 | Depths:1 | 51573 ||| DROPPING +0 pair of gloves of stealth.
 51595 | Depths:2 | Noticed Sojobo
 51596 | Depths:2 | 51596 ||| INVOKING Brothers in Arms.
 51597 | Depths:2 | 51597 ||| INVOKING Berserk.
 51605 | Depths:2 | Reached skill level 15 in Dodging
 51621 | Depths:2 | 51621 ||| INVOKING Brothers in Arms.
 51636 | Depths:2 | Paralysed by an air elemental for 1 turns
 51649 | Depths:2 | Paralysed by an air elemental for 1 turns
 51654 | Depths:2 | Killed Sojobo
 51994 | Depths:2 | 51994 ||| INVOKING Berserk.
 52195 | Depths:2 | 52195 ||| FLEEEEING.
 52196 | Depths:2 | 52196 ||| FLEEEEING.
 52197 | Depths:2 | 52197 ||| FLEEEEING.
 52198 | Depths:2 | 52198 ||| FLEEEEING.
 52199 | Depths:2 | 52199 ||| FLEEEEING.
 52200 | Depths:2 | 52200 ||| FLEEEEING.
 52201 | Depths:2 | 52201 ||| FLEEEEING.
 52202 | Depths:2 | 52202 ||| FLEEEEING.
 52203 | Depths:2 | 52203 ||| FLEEEEING.
 52204 | Depths:2 | 52204 ||| FLEEEEING.
 52205 | Depths:2 | 52205 ||| FLEEEEING.
 52206 | Depths:2 | 52206 ||| FLEEEEING.
 52207 | Depths:2 | 52207 ||| FLEEEEING.
 52363 | Depths:2 | 52363 ||| Stepping ~*~*~tactically~*~*~ (hiding).
 52368 | Depths:2 | 52368 ||| INVOKING Berserk.
 52499 | Depths:2 | 52499 ||| Stepping ~*~*~tactically~*~*~ (stealth).
 52647 | Depths:2 | 52647 ||| Stepping ~*~*~tactically~*~*~ (stealth).
 52648 | Depths:2 | 52648 ||| Stepping ~*~*~tactically~*~*~ (stealth).
 52652 | Depths:2 | 52652 ||| Stepping ~*~*~tactically~*~*~ (stealth).
 52661 | Depths:2 | Reached skill level 26 in Fighting
 52689 | Depths:2 | Found a one-way gate leading to the halls of Pandemonium.
 52720 | Depths:2 | 52720 ||| INVOKING Berserk.
 52737 | Depths:2 | 52737 ||| FLEEEEING.
 52738 | Depths:2 | 52738 ||| FLEEEEING.
 52739 | Depths:2 | 52739 ||| INVOKING Brothers in Arms.
 52746 | Depths:2 | 52746 ||| FLEEEEING.
 52747 | Depths:2 | 52747 ||| FLEEEEING.
 53122 | Depths:2 | 53122 ||| FLEEEEING.
 53123 | Depths:2 | 53123 ||| FLEEEEING.
 53124 | Depths:2 | 53124 ||| FLEEEEING.
 53125 | Depths:2 | 53125 ||| FLEEEEING.
 53126 | Depths:2 | 53126 ||| STAIRDANCE
 53427 | Depths:2 | Noticed a golden dragon
 53428 | Depths:2 | 53428 ||| Stepping ~*~*~tactically~*~*~ (hiding).
 53435 | Depths:2 | 53435 ||| INVOKING Berserk.
 53468 | Depths:2 | Noticed a juggernaut
 53469 | Depths:2 | 53469 ||| INVOKING Brothers in Arms.
 53478 | Depths:2 | Killed a juggernaut
 53486 | Depths:2 | 53486 ||| INVOKING Berserk.
 53511 | Depths:2 | 53511 ||| INVOKING Brothers in Arms.
 53512 | Depths:2 | 53512 ||| INVOKING Brothers in Arms.
 53514 | Depths:2 | Noticed a caustic shrike
 53514 | Depths:2 | Noticed Saint Roka
 53518 | Depths:2 | Killed a golden dragon
 53521 | Depths:2 | Found the +5 glaive of the Guard {elec, spectral, AC+5}
 53532 | Depths:2 | Killed Saint Roka
 53828 | Depths:2 | 53828 ||| READING scroll of teleportation.
 53876 | Depths:2 | 53876 ||| FLEEEEING.
 53879 | Depths:2 | 53879 ||| FLEEEEING.
 53880 | Depths:2 | 53880 ||| FLEEEEING.
 53881 | Depths:2 | 53881 ||| FLEEEEING.
 53882 | Depths:2 | 53882 ||| FLEEEEING.
 53883 | Depths:2 | 53883 ||| FLEEEEING.
 53884 | Depths:2 | 53884 ||| FLEEEEING.
 53885 | Depths:2 | 53885 ||| FLEEEEING.
 53886 | Depths:2 | 53886 ||| FLEEEEING.
 53887 | Depths:2 | 53887 ||| STAIRDANCE
 53972 | Depths:2 | 53972 ||| FLEEEEING.
 53973 | Depths:2 | 53973 ||| STAIRDANCE
 54148 | Depths:2 | 54148 ||| FLEEEEING.
 54149 | Depths:2 | 54149 ||| FLEEEEING.
 54155 | Depths:2 | 54155 ||| FLEEEEING.
 54156 | Depths:2 | 54156 ||| FLEEEEING.
 54159 | Depths:2 | 54159 ||| FLEEEEING.
 54160 | Depths:2 | 54160 ||| FLEEEEING.
 54161 | Depths:2 | 54161 ||| FLEEEEING.
 54162 | Depths:2 | 54162 ||| STAIRDANCE
 54247 | Depths:2 | 54247 ||| FLEEEEING.
 54248 | Depths:2 | 54248 ||| FLEEEEING.
 54249 | Depths:2 | 54249 ||| FLEEEEING.
 54250 | Depths:2 | 54250 ||| FLEEEEING.
 54251 | Depths:2 | 54251 ||| FLEEEEING.
 54252 | Depths:2 | 54252 ||| STAIRDANCE
 54403 | Depths:2 | 54403 ||| FLEEEEING.
 54404 | Depths:2 | 54404 ||| FLEEEEING.
 54405 | Depths:2 | 54405 ||| FLEEEEING.
 54407 | Depths:2 | 54407 ||| FLEEEEING.
 54408 | Depths:2 | 54408 ||| FLEEEEING.
 54409 | Depths:2 | 54409 ||| FLEEEEING.
 54411 | Depths:2 | 54411 ||| FLEEEEING.
 54412 | Depths:2 | 54412 ||| FLEEEEING.
 54413 | Depths:2 | 54413 ||| FLEEEEING.
 54415 | Depths:2 | 54415 ||| STAIRDANCE
 54516 | Depths:2 | 54516 ||| FLEEEEING.
 54517 | Depths:2 | 54517 ||| STAIRDANCE
 54610 | Depths:2 | 54610 ||| FLEEEEING.
 54611 | Depths:2 | 54611 ||| FLEEEEING.
 54612 | Depths:2 | 54612 ||| FLEEEEING.
 54613 | Depths:2 | 54613 ||| FLEEEEING.
 54614 | Depths:2 | 54614 ||| FLEEEEING.
 54615 | Depths:2 | 54615 ||| STAIRDANCE
 54713 | Depths:2 | 54713 ||| FLEEEEING.
 54714 | Depths:2 | 54714 ||| FLEEEEING.
 54715 | Depths:2 | 54715 ||| FLEEEEING.
 54716 | Depths:2 | 54716 ||| STAIRDANCE
 54803 | Depths:2 | 54803 ||| FLEEEEING.
 54804 | Depths:2 | 54804 ||| STAIRDANCE
 54902 | Depths:2 | 54902 ||| FLEEEEING.
 54903 | Depths:2 | 54903 ||| FLEEEEING.
 54904 | Depths:2 | 54904 ||| FLEEEEING.
 54905 | Depths:2 | 54905 ||| FLEEEEING.
 54907 | Depths:2 | 54907 ||| FLEEEEING.
 54908 | Depths:2 | 54908 ||| FLEEEEING.
 54909 | Depths:2 | 54909 ||| FLEEEEING.
 54910 | Depths:2 | 54910 ||| FLEEEEING.
 54911 | Depths:2 | 54911 ||| FLEEEEING.
 54912 | Depths:2 | 54912 ||| STAIRDANCE
 55037 | Depths:2 | 55037 ||| FLEEEEING.
 55038 | Depths:2 | 55038 ||| STAIRDANCE
 55110 | Depths:2 | 55110 ||| INVOKING Berserk.
 55112 | Depths:2 | Killed a caustic shrike
 55119 | Depths:2 | 55119 ||| FLEEEEING.
 55120 | Depths:2 | 55120 ||| FLEEEEING.
 55121 | Depths:2 | 55121 ||| FLEEEEING.
 55122 | Depths:2 | 55122 ||| FLEEEEING.
 55123 | Depths:2 | 55123 ||| STAIRDANCE
 55271 | Depths:2 | 55271 ||| FLEEEEING.
 55272 | Depths:2 | 55272 ||| STAIRDANCE
 55362 | Depths:2 | 55362 ||| FLEEEEING.
 55363 | Depths:2 | 55363 ||| FLEEEEING.
 55367 | Depths:2 | 55367 ||| FLEEEEING.
 55368 | Depths:2 | 55368 ||| FLEEEEING.
 55369 | Depths:2 | 55369 ||| STAIRDANCE
 55438 | Depths:2 | 55438 ||| FLEEEEING.
 55439 | Depths:2 | 55439 ||| FLEEEEING.
 55440 | Depths:2 | 55440 ||| FLEEEEING.
 55442 | Depths:2 | 55442 ||| FLEEEEING.
 55443 | Depths:2 | 55443 ||| STAIRDANCE
 55539 | Depths:2 | 55539 ||| FLEEEEING.
 55540 | Depths:2 | 55540 ||| FLEEEEING.
 55541 | Depths:2 | 55541 ||| FLEEEEING.
 55542 | Depths:2 | 55542 ||| FLEEEEING.
 55543 | Depths:2 | 55543 ||| FLEEEEING.
 55544 | Depths:2 | 55544 ||| FLEEEEING.
 55545 | Depths:2 | 55545 ||| FLEEEEING.
 55546 | Depths:2 | 55546 ||| FLEEEEING.
 55547 | Depths:2 | 55547 ||| FLEEEEING.
 55548 | Depths:2 | 55548 ||| FLEEEEING.
 55549 | Depths:2 | 55549 ||| FLEEEEING.
 55550 | Depths:2 | 55550 ||| FLEEEEING.
 55551 | Depths:2 | 55551 ||| STAIRDANCE
 55656 | Depths:2 | 55656 ||| FLEEEEING.
 55657 | Depths:2 | 55657 ||| STAIRDANCE
 55750 | Depths:2 | 55750 ||| FLEEEEING.
 55751 | Depths:2 | 55751 ||| FLEEEEING.
 55752 | Depths:2 | 55752 ||| FLEEEEING.
 55753 | Depths:2 | 55753 ||| FLEEEEING.
 55754 | Depths:2 | 55754 ||| FLEEEEING.
 55755 | Depths:2 | 55755 ||| FLEEEEING.
 55756 | Depths:2 | 55756 ||| FLEEEEING.
 55757 | Depths:2 | 55757 ||| STAIRDANCE
 55859 | Depths:2 | 55859 ||| FLEEEEING.
 55860 | Depths:2 | 55860 ||| FLEEEEING.
 55861 | Depths:2 | 55861 ||| FLEEEEING.
 55862 | Depths:2 | 55862 ||| FLEEEEING.
 55863 | Depths:2 | 55863 ||| FLEEEEING.
 55864 | Depths:2 | 55864 ||| STAIRDANCE
 55948 | Depths:2 | 55948 ||| FLEEEEING.
 55949 | Depths:2 | 55949 ||| FLEEEEING.
 55950 | Depths:2 | 55950 ||| FLEEEEING.
 55951 | Depths:2 | 55951 ||| FLEEEEING.
 55952 | Depths:2 | 55952 ||| FLEEEEING.
 56062 | Depths:2 | 56062 ||| FLEEEEING.
 56063 | Depths:2 | 56063 ||| FLEEEEING.
 56143 | Depths:2 | 56143 ||| FLEEEEING.
 56144 | Depths:2 | 56144 ||| FLEEEEING.
 56145 | Depths:2 | 56145 ||| FLEEEEING.
 56208 | Depths:2 | 56208 ||| FLEEEEING.
 56209 | Depths:2 | 56209 ||| FLEEEEING.
 56210 | Depths:2 | 56210 ||| FLEEEEING.
 56211 | Depths:2 | 56211 ||| FLEEEEING.
 56212 | Depths:2 | 56212 ||| FLEEEEING.
 56356 | Depths:2 | 56356 ||| FLEEEEING.
 56357 | Depths:2 | 56357 ||| FLEEEEING.
 56358 | Depths:2 | 56358 ||| FLEEEEING.
 56359 | Depths:2 | 56359 ||| FLEEEEING.
 56360 | Depths:2 | 56360 ||| FLEEEEING.
 56361 | Depths:2 | 56361 ||| FLEEEEING.
 56362 | Depths:2 | 56362 ||| FLEEEEING.
 56363 | Depths:2 | 56363 ||| FLEEEEING.
 56364 | Depths:2 | 56364 ||| FLEEEEING.
 56365 | Depths:2 | 56365 ||| FLEEEEING.
 56474 | Depths:2 | 56474 ||| FLEEEEING.
 56560 | Depths:2 | 56560 ||| READING scroll of acquirement.
 56560 | Depths:2 | 56560 ||| ACQUIRING amulet "Renuo" {Acrobat rCorr Int+2
                  | SInv}
 56560 | Depths:2 | Acquired the amulet "Renuo" {Acrobat rCorr Int+2 SInv}
 56562 | Depths:2 | 56562 ||| UPGRADING to amulet "Renuo" {Acrobat rCorr Int+2
                  | SInv}.
 56748 | Depths:3 | 56748 ||| INVOKING Berserk.
 56766 | Depths:3 | 56766 ||| FLEEEEING.
 56768 | Depths:3 | 56768 ||| STAIRDANCE
 56770 | Depths:2 | 56770 ||| FLEEEEING.
 56771 | Depths:2 | 56771 ||| FLEEEEING.
 56772 | Depths:2 | 56772 ||| FLEEEEING.
 56773 | Depths:2 | 56773 ||| FLEEEEING.
 56774 | Depths:2 | 56774 ||| FLEEEEING.
 56775 | Depths:2 | 56775 ||| FLEEEEING.
 56776 | Depths:2 | 56776 ||| FLEEEEING.
 56805 | Depths:3 | 56805 ||| STAIRDANCE
 56848 | Depths:3 | Found a shadowy altar of Dithmenos.
 57022 | Depths:3 | 57022 ||| Stepping ~*~*~tactically~*~*~ (hiding).
 57048 | Depths:3 | Found a transporter.
 57049 | Depths:3 | Noticed a juggernaut
 57083 | Depths:3 | 57083 ||| Stepping ~*~*~tactically~*~*~ (hiding).
 57097 | Depths:3 | 57097 ||| INVOKING Berserk.
 57179 | Depths:3 | 57179 ||| Stepping ~*~*~tactically~*~*~ (stealth).
 57181 | Depths:3 | 57181 ||| Stepping ~*~*~tactically~*~*~ (stealth).
 57186 | Depths:3 | 57186 ||| INVOKING Berserk.
 57342 | Depths:3 | Found a transporter.
 57424 | Depths:3 | 57424 ||| INVOKING Berserk.
 57659 | Depths:3 | 57659 ||| Stepping ~*~*~tactically~*~*~ (hiding).
 57768 | Depths:3 | 57768 ||| INVOKING Trog's Hand.
 57771 | Depths:3 | 57771 ||| INVOKING Berserk.
 57993 | Depths:4 | Entered Level 4 of the Depths
 58000 | Depths:4 | Found a shadowy altar of Dithmenos.
 58031 | Depths:4 | Noticed a caustic shrike
 58032 | Depths:4 | 58032 ||| Stepping ~*~*~tactically~*~*~ (stealth).
 58033 | Depths:4 | Noticed a caustic shrike
 58034 | Depths:4 | 58034 ||| Stepping ~*~*~tactically~*~*~ (stealth).
 58035 | Depths:4 | 58035 ||| Stepping ~*~*~tactically~*~*~ (stealth).
 58036 | Depths:4 | 58036 ||| INVOKING Berserk.
 58040 | Depths:4 | Killed a caustic shrike
 58042 | Depths:4 | Noticed a caustic shrike
 58046 | Depths:4 | Killed a caustic shrike
 58048 | Depths:4 | Killed a caustic shrike
 58057 | Depths:4 | 58057 ||| Stepping ~*~*~tactically~*~*~ (hiding).
 58255 | Depths:4 | 58255 ||| INVOKING Berserk.
 58501 | Depths:4 | Reached XP level 22. HP: 219/224 MP: 21/21
 58557 | Depths:4 | Reached skill level 1 in Evocations
 58715 | Depths:4 | 58715 ||| Stepping ~*~*~tactically~*~*~ (hiding).
 58725 | Depths:4 | 58725 ||| Stepping ~*~*~tactically~*~*~ (hiding).
 58726 | Depths:4 | Identified the +1 bardiche "Kismeah" {protect, Str+4}
 58730 | Depths:4 | 58730 ||| INVOKING Berserk.
 58740 | Depths:4 | HP: 46/343 [??? (43)]
 58749 | Depths:4 | HP: 25/346 [balrug/+0 demon whip (1)]
 58749 | Depths:4 | HP: 9/346 [balrug/fireball (8)]
 58751 | Depths:4 | Demolished by a balrug

Levels and vault maps discovered:
D:1:      dpeg_arrival_rooms_c, layout_loops_corners
D:2:      layout_basic, basic_ecumenical_altar, uniq_natasha
D:3:      kennysheep_six_static_rooms, layout_basic,
          nemelex_xobeh_ov_fountains_minmay, minitemple, cheibriados_altar_1,
          ebering_ghost_rock_garden, grunt_ministairs_14,
          corexii_item_surrounded_by_moat
D:4:      layout_rooms, uniq_duvessa
D:5:      layout_basic, serial_shops, nicolae_shop_window_shopping,
          enter_ossuary_1
D:6:      layout_basic, minmay_temple_entry_butterflies, uniq_edmund
D:7:      layout_gridville, grunt_temple_overflow_open, serial_shops,
          nicolae_shop_statue_plus, uniq_maggie, uniq_prince_ribbit1
D:8:      layout_basic, nicolae_hepliaklqana_hazy_memory,
          chequers_serial_rivers_room_b, uniq_psyche
D:9:      lemuel_castle_with_subvaults [lemuel_castle_interior_carwin_1],
          layout_irregular_city, led_xom_imps, serial_shops,
          nicolae_take_the_stairs, shop, nicolae_stop_n_shop_2,
          nicolae_square_shop, minmay_misc_feat_tower, kennysheep_generic_room_9
D:10:     layout_loops_cross, david_orc_3, minivault_25_ag, uniq_sonja
D:11:     layout_long_grid, erik_lair_orcish_takeover, gammafunk_ghost_ooze,
          uniq_grum
D:12:     layout_loops_ring, amcnicky_mini_pool_small,
          hellmonk_guarded_unrand_frostbite, uniq_rupert, uniq_jorgrun,
          uniq_frances, uniq_josephine
D:13:     layout_loops_corners, serial_glass, glass_columns_c, glass_columns_a,
          serial_shops, nicolae_stop_n_shop_1, beargit_elvish_explorers
D:14:     minmay_nested_s, layout_rooms, david_vaults_3, serial_bayou_pond_c,
          serial_shops, nicolae_shop_window_shopping
D:15:     hangedman_depths_entry_try_elsewhere_first, layout_stronghold,
          minmay_misc_feat_x
Lair:1:   layout_cave_pods, ebering_ghost_funeral_grove, beast_lair_carwin_3
Lair:2:   layout_chaotic_city, nzn_random_ring
Lair:3:   layout_regular_city, minmay_swamp_entry_reptiles,
          minmay_snake_entry_six_corridors, enter_volcano_4
Lair:4:   layout_regular_city, grunt_megastairs_2
Lair:5:   hellmonk_lair_end_abyssal_woods, layout_layer_cave, slime_entry_1,
          nicolae_lair_grove_arrangements, chequers_serial_rivers_small_a,
          serial_bayou_shore_a, lemuel_fruit_tree
Swamp:1:  layout_basic_swamp, hangedman_swamp_ruin_wall
Swamp:2:  layout_falls_marsh, nicolae_swamp_little_tower
Swamp:3:  layout_basic_swamp, portal_ice_cave_entry_ice_statue_one, basic_altar
Swamp:4:  swamp, layout_basic_swamp, swamp_pool1, infiniplex_staircase_pool
Snake:1:  layout_rooms, uniq_aizul
Snake:2:  layout_grid_maze, serial_shops, nicolae_diamond_shop, shop,
          nicolae_lakefront_shop, shop, shop, uniq_agnes
Snake:3:  layout_gridlike, nicolae_fountain_basement
Snake:4:  hellmonk_snake_rune_quicksilver_temple, layout_cave_town,
          minmay_shoptagon, uniq_louise
Orc:1:    orc_temple, layout_caves, lightli_church_of_beogh, uniq_maurice,
          uniq_harold
Orc:2:    kennysheep_orc_mage_school, layout_diamond_mine
Vaults:1: nicolae_vaults_network_quinsquares
          [nicolae_vaults_network_quincunx_subvault,
          nicolae_vaults_network_quincunx_subvault,
          nicolae_vaults_network_quincunx_subvault,
          nicolae_vaults_network_quincunx_subvault],
          nicolae_vaults_diagonal_hallway_6, grunt_vaults_swirl, v_misc_4,
          v_alt_pattern_1, grunt_vaults_trifunnel, v_alt_pattern_3,
          vaults_room_pool, nicolae_vaults_rhombus_6, layout_vaults_omnicross
Vaults:2: infiniplex_enter_wizlab_glasses, hangedman_vaults_nodes,
          vaults_room_fancy_cross, vaults_room_stairs_pillars,
          nicolae_vaults_what_the_h, nicolae_vaults_theta,
          grunt_vaults_hallway_long, v_alt_pattern_2, dpeg_vaults_monster_box,
          nicolae_vaults_little_squares_3, nicolae_vaults_theta,
          nicolae_vaults_yaktaur_gun_rack, ontoclasm_vaults_decontamination,
          layout_vaults_ring, serial_shops, shop
Vaults:3: minmay_crypt_entry_necro_gods, vaults_dpeg_cross,
          ontoclasm_vaults_ring_square, nicolae_vaults_stairing_the_circle,
          hangedman_vaults_trim, ontoclasm_vaults_ring_large,
          vaults_mumra_chevron_long, nicolae_vaults_c_with_doors, v_misc_2,
          grunt_vaults_focal, v_alt_pattern_6, vaults_room_mumra_shop_pool,
          layout_vaults_maze_snakey
Vaults:4: hangedman_vaults_slither, hangedman_vaults_slice,
          vaults_dpeg_diagonal, nicolae_vaults_little_squares_3, v_misc_1,
          vaults_dpeg_ring, layout_vaults_omnigrid, serial_shops,
          nicolae_shop_statue_plus, serial_hangedman_research,
          hangedman_research_thermodynamics, hangedman_research_thanatology,
          uniq_donald
Depths:1: layout_honeycomb, enter_ziggurat_c, hangedman_coc_ice_floe,
          grunt_decor_mini_mirrors, st_stairs_14, elyvilon_altar_4
Depths:2: minmay_guarded_unrand_guard, layout_small_grid,
          serial_sigils_hangedman_scar, pan_entry, hellmouth_3, uniq_saint_roka,
          uniq_josephina, uniq_sojobo
Depths:3: gammafunk_sealed_arena, layout_gridlike,
          nicolae_dithmenos_shadow_blocks, hell_entry, marbit_kobold_abyss_entry
Depths:4: evilmike_zot_entry_hall, layout_cross, old_standard_altar,
          grunt_hell_entry_dis_grunt, ebering_dispersal_statue_hall,
          minmay_fire_ice_demons

Skill      XL: |  1  2  3  4  5  6  7  8  9 10 11 12 13 14 15 16 17 18 19 20 21 22 |
---------------+-------------------------------------------------------------------+-----
Axes           | 4 5 6 7 9 10 12 14 16 17 18 19 20 | 20.0
Armour         | 3 4 5 6 8 9 11 13 16 18 | 18.0
Fighting       | 4 5 7 8 10 11 13 15 18 20 22 23 25 26 | 26.6
Throwing       | 1 2 3 8 10 | 10.0
Dodging        | 3 4 6 7 9 10 11 12 13 14 16 | 16.0
Shields        | 10 13 15 16 17 18 22 | 22.9
Evocations     | 2 |  2.1

Action                   |  1- 3 |  4- 6 |  7- 9 | 10-12 | 13-15 | 16-18 | 19-21 | 22-24 || total
-------------------------+-------+-------+-------+-------+-------+-------+-------+-------++-------
Melee: Hand axe          |    79 |   108 |   138 |       |       |       |       |       ||   325
       Headbutt          |    14 |     9 |    40 |   135 |   261 |   335 |   513 |    12 ||  1319
       Punch             |     1 |       |     3 |     1 |       |       |       |       ||     5
       War axe           |       |       |    91 |   554 |   946 |   892 |       |       ||  2483
       Morningstar       |       |       |       |       |    15 |       |       |       ||    15
       Broad axe         |       |       |       |       |       |   566 |  1537 |    35 ||  2138
Throw: Boomerang         |    10 |    36 |    42 |   137 |    23 |    38 |    67 |     5 ||   358
       Javelin           |       |       |       |       |       |    45 |       |       ||    45
Invok: Berserk           |     1 |     3 |    12 |    29 |    26 |    30 |    25 |     1 ||   127
       Trog's Hand       |       |       |       |     1 |     2 |    17 |    10 |       ||    30
       Brothers in Arms  |       |       |       |     1 |     9 |     9 |    17 |       ||    36
  Use: Scroll            |     3 |     3 |     9 |     8 |     3 |     9 |     9 |       ||    44
       Potion            |     1 |     1 |     3 |     5 |     1 |     4 |       |       ||    15
 Stab: Distracted        |       |       |       |       |     2 |     2 |     3 |       ||     7
       Petrified         |       |       |       |       |       |     2 |       |       ||     2
Armor: Animal skin       |     4 |       |       |       |       |       |       |       ||     4
       Plate armour      |     6 |    62 |     8 |       |       |       |       |       ||    76
       Ring mail         |       |       |    89 |   191 |   327 |    73 |   296 |     6 ||   982
       Chain mail        |       |       |       |       |       |   361 |     5 |       ||   366
Dodge: Dodged            |    39 |    37 |    84 |   240 |   311 |   441 |   343 |     5 ||  1500
Block: Kite shield       |       |       |       |   169 |   741 |  1080 |    17 |       ||  2007
       Reflection        |       |       |       |       |    30 |    61 |    82 |       ||   173
       Tower shield      |       |       |       |       |       |       |  1148 |    15 ||  1163

Table legend:
 A = Non-vault XP
 B = Vault XP
 C = Vault XP percentage of total XP
 D = Non-vault monster count
 E = Vault monster count
 F = Vault count percentage of total count
                 A         B        C        D         E       F
            +---------+---------+-------+---------+---------+-------
      Total |  421881 |  293734 |  41.0 |     923 |     564 |  37.9
            +---------+---------+-------+---------+---------+-------
        D:1 |      53 |       0 |   0.0 |      29 |       0 |   0.0
        D:2 |      19 |      35 |  64.8 |       9 |       1 |  10.0
        D:3 |      40 |      46 |  53.5 |      11 |      10 |  47.6
        D:4 |     621 |     218 |  26.0 |      23 |       2 |   8.0
        D:5 |     924 |       0 |   0.0 |      18 |       0 |   0.0
        D:6 |     435 |     158 |  26.6 |       7 |       1 |  12.5
        D:7 |     163 |     689 |  80.9 |      11 |       2 |  15.4
        D:8 |    1478 |     379 |  20.4 |      14 |       1 |   6.7
        D:9 |    1587 |   10379 |  86.7 |      26 |      58 |  69.0
       D:10 |    3505 |     867 |  19.8 |      18 |       6 |  25.0
       D:11 |    3379 |    1026 |  23.3 |      23 |      12 |  34.3
       D:12 |    4314 |    7671 |  64.0 |      14 |      18 |  56.2
       D:13 |    6581 |       0 |   0.0 |      19 |       0 |   0.0
       D:14 |   14455 |   41031 |  73.9 |      22 |      76 |  77.6
       D:15 |    5803 |    3014 |  34.2 |      13 |       4 |  23.5
     Lair:1 |    3759 |    1092 |  22.5 |      15 |       5 |  25.0
     Lair:2 |    7885 |    4939 |  38.5 |      31 |      17 |  35.4
     Lair:3 |    8571 |    5802 |  40.4 |      20 |      20 |  50.0
     Lair:4 |    6851 |     467 |   6.4 |      29 |       1 |   3.3
     Lair:5 |   14722 |   10617 |  41.9 |      32 |      37 |  53.6
    Swamp:1 |   11476 |       0 |   0.0 |      19 |       0 |   0.0
    Swamp:2 |   12755 |       0 |   0.0 |      28 |       0 |   0.0
    Swamp:3 |   20675 |     457 |   2.2 |      35 |       1 |   2.8
    Swamp:4 |   16375 |   14605 |  47.1 |      27 |      25 |  48.1
    Snake:1 |   16586 |    1158 |   6.5 |      29 |       1 |   3.3
    Snake:2 |   17948 |    1414 |   7.3 |      33 |       1 |   2.9
    Snake:3 |   12052 |    2285 |  15.9 |      25 |       3 |  10.7
    Snake:4 |   17915 |   18260 |  50.5 |      35 |      21 |  37.5
      Orc:1 |    2789 |    1316 |  32.1 |      19 |       2 |   9.5
      Orc:2 |    2305 |    7416 |  76.3 |      18 |      34 |  65.4
   Vaults:1 |   27217 |   10415 |  27.7 |      45 |      13 |  22.4
   Vaults:2 |   16921 |   20835 |  55.2 |      23 |      31 |  57.4
   Vaults:3 |   19920 |   29362 |  59.6 |      29 |      41 |  58.6
   Vaults:4 |   24173 |   29076 |  54.6 |      37 |      50 |  57.5
   Depths:1 |   35887 |    4929 |  12.1 |      44 |       5 |  10.2
   Depths:2 |   44931 |   37884 |  45.7 |      62 |      39 |  38.6
   Depths:3 |   16067 |       0 |   0.0 |      16 |       0 |   0.0
   Depths:4 |   20744 |    5827 |  21.9 |      15 |       5 |  25.0
     WizLab |       0 |   20065 | 100.0 |       0 |      21 | 100.0
            +---------+---------+-------+---------+---------+-------
